Workbook
Name CalculationQualities: [1]Assumptions!$I$5:$I$6
Name CalculationQualities: [2]Assumptions!$I$5:$I$6
Name CalculationQualities: Assumptions!$I$5:$I$6
Name CarbonTax: Summary!$Q$43
Name CylceTimeUnit: [1]Assumptions!$J$5:$J$7
Name CylceTimeUnit: [2]Assumptions!$J$5:$J$7
Name CylceTimeUnit: Assumptions!$J$5:$J$7
Name Dropdown: Languages!$B$301:$B$317
Name InterestOnMaterialStock: Summary!$Q$19
Name InterestOnWorkInProgress: Summary!$Q$31
Name ManufacturingComment: 'Manufacturing (6,7,8,9)'!$D$34
Name MaterialCarbonFootprintOverhead: Summary!$V$18
Name MaterialCarbonFootprintOverheadRate: Summary!$U$18
Name MaterialClass: [1]Assumptions!$H$5:$H$6
Name MaterialClass: #REF!
Name MaterialClass: Assumptions!$H$5:$H$6
Name MaterialComment: 'Material (1,2,3)'!$E$34
Name MaterialScrap: Summary!$Q$17
Name MaterialScrapCarbonFootprint: Summary!$V$17
Name MOV: Summary!$Q$18
Name OtherCarbonFootprint: Summary!$V$38
Name OtherCosts: Summary!$Q$38
Name PlantCarbonFootprint: Summary!$V$36
Name Profit: Summary!$Q$40
Name PurchasedPart: Assumptions!$H$6
Name PurchasingCurrency: [1]Assumptions!$D$5:$D$53
Name PurchasingCurrency: #REF!
Name PurchasingCurrency: Assumptions!$D$5:$D$53
Name PurchasingUnit: [1]Assumptions!$G$5:$G$30
Name PurchasingUnit: [3]Assumption!$G$5:$G$30
Name PurchasingUnit: Assumptions!$G$5:$G$30
Name QuotationCurrency: [1]Assumptions!$B$5:$B$53
Name QuotationCurrency: #REF!
Name QuotationCurrency: Assumptions!$B$5:$B$53
Name QuotationUnit: [1]Assumptions!$F$5:$F$30
Name QuotationUnit: #REF!
Name QuotationUnit: Assumptions!$F$5:$F$30
Name RawMaterial: [1]Assumptions!$H$5
Name RawMaterial: #REF!
Name RawMaterial: Assumptions!$H$5
Name ResearchAndDevelopmentCostRate: Summary!$P$37
Name ResearchAndDevelopmentCosts: Summary!$Q$37
Name Rough: [1]Assumptions!$I$6
Name Rough: #REF!
Name Rough: Assumptions!$I$6
Name SalesAndGeneralAdministrationCostRate: Summary!$P$36
Name SalesAndGeneralAdministrationCosts: Summary!$Q$36
Name SpecificDevelopmentCostsAllocated: Summary!$Q$35
Name SpecificdevelopmentCostsOnetimePayments: Summary!$Q$48
Name TermsOfPayment: Summary!$Q$41
Name ToolsComment: 'Tools and Devices (16,24)'!$D$36
Name TransportCarbonFootprint: Summary!$V$42
Name TransportDuties: Summary!$Q$42
Name Wording: [1]Languages!$C$2:$C$10
Name Wording: #REF!
Name Wording: Languages!$C$2:$C$10

Sheet Summary
F3: =VLOOKUP("a",Languages!A:J,VLOOKUP($X$6,Languages!$C$2:$D$10,2,FALSE),FALSE) -> BOSCH Material and Process Evaluation (MPE) | V3: =VLOOKUP("b",Languages!A:J,VLOOKUP($X$6,Languages!$C$2:$D$10,2,FALSE),FALSE) -> Summary
W5: Version | X5: 4.1 | AA5: ="This Siemens CBD AddIn is only compatible with Siemens CBD Excel Template v"&X5 -> This Siemens CBD AddIn is only compatible with Siemens CBD Excel Template v4.1
W6: Language | X6: English | AA6: ="CBD Import - Supplier: " &O7 -> CBD Import - Supplier:
G7: =VLOOKUP("0.1",Languages!A:J,VLOOKUP($X$6,Languages!$C$2:$D$10,2,FALSE),FALSE) -> Supplier | Q7: =VLOOKUP("0.01",Languages!A:J,VLOOKUP($X$6,Languages!$C$2:$D$10,2,FALSE),FALSE) -> Field | T7: =VLOOKUP("0.5",Languages!A:J,VLOOKUP($X$6,Languages!$C$2:$D$10,2,FALSE),FALSE) -> Project | AA7: =T7&": "&V7&" "&T10&": "&TEXT(V10,"TT.MM.JJJJ")&" "&G8&": "&O8&" "&G9&": "&O9&" "&G10&": "&O10&" "&C16&": "&D16&" "&C17&": "&D17&" "&C24&": "&D24&" "&C25&": "&D25&" "&C26&": "&D26&" "&C27&": "&D27&" "&C28&": "&D28&" "&C29&": "&D29 -> Project: Quotation date: 00.01.1900 Contact person: E-Mail: Telephone: Manufacturing lot size: Production site: : : : : : :
G8: =VLOOKUP("0.2",Languages!A:J,VLOOKUP($X$6,Languages!$C$2:$D$10,2,FALSE),FALSE) -> Contact person | Q8: =VLOOKUP("0.02",Languages!A:J,VLOOKUP($X$6,Languages!$C$2:$D$10,2,FALSE),FALSE) -> Level 1 | T8: =VLOOKUP("0.6",Languages!A:J,VLOOKUP($X$6,Languages!$C$2:$D$10,2,FALSE),FALSE) -> Part number
G9: =VLOOKUP("0.3",Languages!A:J,VLOOKUP($X$6,Languages!$C$2:$D$10,2,FALSE),FALSE) -> E-Mail | Q9: =VLOOKUP("0.03",Languages!A:J,VLOOKUP($X$6,Languages!$C$2:$D$10,2,FALSE),FALSE) -> Level 2 | T9: =VLOOKUP("0.7",Languages!A:J,VLOOKUP($X$6,Languages!$C$2:$D$10,2,FALSE),FALSE) -> Part name
G10: =VLOOKUP("0.4",Languages!A:J,VLOOKUP($X$6,Languages!$C$2:$D$10,2,FALSE),FALSE) -> Telephone | Q10: =VLOOKUP("0.04",Languages!A:J,VLOOKUP($X$6,Languages!$C$2:$D$10,2,FALSE),FALSE) -> calculated | T10: =VLOOKUP("0.8",Languages!A:J,VLOOKUP($X$6,Languages!$C$2:$D$10,2,FALSE),FALSE) -> Quotation date
B12: =VLOOKUP("0.9",Languages!A:J,VLOOKUP($X$6,Languages!$C$2:$D$10,2,FALSE),FALSE) -> Premises | P12: Costs | U12: Carbon footprint
P13: % | Q13: =D18&" "&VLOOKUP(13.3,Languages!A:J,VLOOKUP($X$6,Languages!$C$2:$D$10,2,FALSE),FALSE) -> /unit | R13: =VLOOKUP("0.25",Languages!A:J,VLOOKUP($X$6,Languages!$C$2:$D$10,2,FALSE),FALSE) -> Fraction | U13: % | V13: ="kg Co2e"&" "&VLOOKUP(13.3,Languages!A:J,VLOOKUP($X$6,Languages!$C$2:$D$10,2,FALSE),FALSE) -> kg Co2e /unit | W13: =VLOOKUP("0.25",Languages!A:J,VLOOKUP($X$6,Languages!$C$2:$D$10,2,FALSE),FALSE) -> Fraction
C14: =VLOOKUP("0.10",Languages!A:J,VLOOKUP($X$6,Languages!$C$2:$D$10,2,FALSE),FALSE) -> Project time (years) | N14: 1 | O14: =VLOOKUP(N14,Languages!A:J,VLOOKUP($X$6,Languages!$C$2:$D$10,2,FALSE),FALSE) -> Raw materials | Q14: ='Material (1,2,3)'!Y34 -> 0 | R14: =IF(Q14=0,0,Q14/$Q$44) -> 0 | S14: =R14 -> 0 | V14: ='Material (1,2,3)'!AI34 -> 0 | W14: =IF(V14=0,0,V14/$V$44) -> 0 | X14: =W14 -> 0
C15: =VLOOKUP("0.11",Languages!A:J,VLOOKUP($X$6,Languages!$C$2:$D$10,2,FALSE),FALSE) -> Average annual quantity | N15: 2 | O15: =VLOOKUP(N15,Languages!A:J,VLOOKUP($X$6,Languages!$C$2:$D$10,2,FALSE),FALSE) -> Purchased parts | Q15: ='Material (1,2,3)'!Z34 -> 0 | R15: =IF(Q15=0,0,Q15/$Q$44) -> 0 | S15: =R15 -> 0 | V15: ='Material (1,2,3)'!AJ34 -> 0 | W15: =IF(V15=0,0,V15/$V$44) -> 0 | X15: =W15 -> 0
C16: =VLOOKUP("0.12",Languages!A:J,VLOOKUP($X$6,Languages!$C$2:$D$10,2,FALSE),FALSE) -> Manufacturing lot size | N16: 3 | O16: =VLOOKUP(N16,Languages!A:J,VLOOKUP($X$6,Languages!$C$2:$D$10,2,FALSE),FALSE) -> Direct material | Q16: =SUM(Q14:Q15) -> 0 | R16: =IF(Q16=0,0,Q16/$Q$44) -> 0 | S16: =R16 -> 0 | V16: =SUM(V14:V15) -> 0 | W16: =IF(V16=0,0,V16/$V$44) -> 0 | X16: =W16 -> 0
C17: =VLOOKUP("0.13",Languages!A:J,VLOOKUP($X$6,Languages!$C$2:$D$10,2,FALSE),FALSE) -> Production site | N17: 4 | O17: =VLOOKUP(N17,Languages!A:J,VLOOKUP($X$6,Languages!$C$2:$D$10,2,FALSE),FALSE) -> Material scrap | Q17: ='Material (1,2,3)'!AB34 -> 0 | R17: =IF(Q17=0,0,Q17/$Q$44) -> 0 | S17: =R17 -> 0 | V17: 0 | W17: =IF(V17=0,0,V17/$V$44) -> 0 | X17: =W17 -> 0
C18: =VLOOKUP("0.14",Languages!A:J,VLOOKUP($X$6,Languages!$C$2:$D$10,2,FALSE),FALSE) -> Quotation currency | N18: 5 | O18: =VLOOKUP(N18,Languages!A:J,VLOOKUP($X$6,Languages!$C$2:$D$10,2,FALSE),FALSE) -> Material overhead | P18: =IF(Q16=0,0,Q18/Q16) -> 0 | Q18: ='Material (1,2,3)'!AA34 -> 0 | R18: =IF(Q18=0,0,Q18/$Q$44) -> 0 | S18: =R18 -> 0 | U18: 0 | V18: 0 | W18: =IF(V18=0,0,V18/$V$44) -> 0 | X18: =W18 -> 0
C19: =VLOOKUP("0.15",Languages!A:J,VLOOKUP($X$6,Languages!$C$2:$D$10,2,FALSE),FALSE) -> Quotation unit | D19: pcs | N19: 6 | O19: =VLOOKUP(N19,Languages!A:J,VLOOKUP($X$6,Languages!$C$2:$D$10,2,FALSE),FALSE) -> Interest material | Q19: 0 | R19: =IF(Q19=0,0,Q19/$Q$44) -> 0 | S19: =R19 -> 0
C20: =VLOOKUP("0.151",Languages!A:J,VLOOKUP($X$6,Languages!$C$2:$D$10,2,FALSE),FALSE) -> Date of calculation | N20: 7 | O20: =VLOOKUP(N20,Languages!A:J,VLOOKUP($X$6,Languages!$C$2:$D$10,2,FALSE),FALSE) -> Material | Q20: =SUM(Q16:Q19) -> 0 | R20: =IF(Q20=0,0,Q20/$Q$44) -> 0 | S20: =R20 -> 0 | V20: =SUM(V16:V18) -> 0 | W20: =IF(V20=0,0,V20/$V$44) -> 0 | X20: =W20 -> 0
B22: =VLOOKUP("0.16",Languages!A:J,VLOOKUP($X$6,Languages!$C$2:$D$10,2,FALSE),FALSE) -> Specific | N22: 8 | O22: =VLOOKUP(N22,Languages!A:J,VLOOKUP($X$6,Languages!$C$2:$D$10,2,FALSE),FALSE) -> Machines | Q22: ='Manufacturing (6,7,8,9)'!AA34 -> 0 | R22: =IF(Q22=0,0,Q22/$Q$44) -> 0 | S22: =R22 -> 0 | V22: ='Manufacturing (6,7,8,9)'!AS34 -> 0 | W22: =IF(V22=0,0,V22/$V$44) -> 0 | X22: =W22 -> 0
N23: 9 | O23: =VLOOKUP(N23,Languages!A:J,VLOOKUP($X$6,Languages!$C$2:$D$10,2,FALSE),FALSE) -> Setup costs | Q23: ='Manufacturing (6,7,8,9)'!AC34 -> 0 | R23: =IF(Q23=0,0,Q23/$Q$44) -> 0 | S23: =R23 -> 0
C24: =IF(VLOOKUP("0.17",Languages!A:J,VLOOKUP($X$6,Languages!$C$2:$D$10,2,FALSE),FALSE)=0,"",VLOOKUP("0.17",Languages!A:J,VLOOKUP($X$6,Languages!$C$2:$D$10,2,FALSE),FALSE)) | N24: 10 | O24: =VLOOKUP(N24,Languages!A:J,VLOOKUP($X$6,Languages!$C$2:$D$10,2,FALSE),FALSE) -> Direct labor | Q24: ='Manufacturing (6,7,8,9)'!AB34 -> 0 | R24: =IF(Q24=0,0,Q24/$Q$44) -> 0 | S24: =R24 -> 0
C25: =IF(VLOOKUP("0.18",Languages!A:J,VLOOKUP($X$6,Languages!$C$2:$D$10,2,FALSE),FALSE)=0,"",VLOOKUP("0.18",Languages!A:J,VLOOKUP($X$6,Languages!$C$2:$D$10,2,FALSE),FALSE)) | N25: 11 | O25: =VLOOKUP(N25,Languages!A:J,VLOOKUP($X$6,Languages!$C$2:$D$10,2,FALSE),FALSE) -> Tools and devices, maintenance costs | Q25: ='Manufacturing (6,7,8,9)'!AE34 -> 0 | R25: =IF(Q25=0,0,Q25/$Q$44) -> 0 | S25: =R25 -> 0
C26: =IF(VLOOKUP("0.19",Languages!A:J,VLOOKUP($X$6,Languages!$C$2:$D$10,2,FALSE),FALSE)=0,"",VLOOKUP("0.19",Languages!A:J,VLOOKUP($X$6,Languages!$C$2:$D$10,2,FALSE),FALSE)) | N26: 12 | O26: =VLOOKUP(N26,Languages!A:J,VLOOKUP($X$6,Languages!$C$2:$D$10,2,FALSE),FALSE) -> Process manufacturing | Q26: ='Manufacturing (6,7,8,9)'!AD34 -> 0 | R26: =IF(Q26=0,0,Q26/$Q$44) -> 0 | S26: =R26 -> 0 | V26: ='Manufacturing (6,7,8,9)'!AT34 -> 0 | W26: =IF(V26=0,0,V26/$V$44) -> 0 | X26: =W26 -> 0
C27: =IF(VLOOKUP("0.20",Languages!A:J,VLOOKUP($X$6,Languages!$C$2:$D$10,2,FALSE),FALSE)=0,"",VLOOKUP("0.20",Languages!A:J,VLOOKUP($X$6,Languages!$C$2:$D$10,2,FALSE),FALSE)) | N27: 13 | O27: =VLOOKUP(N27,Languages!A:J,VLOOKUP($X$6,Languages!$C$2:$D$10,2,FALSE),FALSE) -> Manufacturing I | Q27: =SUM(Q22:Q26) -> 0 | R27: =IF(Q27=0,0,Q27/$Q$44) -> 0 | S27: =R27 -> 0 | V27: =SUM(V26,V22) -> 0 | W27: =IF(V27=0,0,V27/$V$44) -> 0 | X27: =W27 -> 0
C28: =IF(VLOOKUP("0.21",Languages!A:J,VLOOKUP($X$6,Languages!$C$2:$D$10,2,FALSE),FALSE)=0,"",VLOOKUP("0.21",Languages!A:J,VLOOKUP($X$6,Languages!$C$2:$D$10,2,FALSE),FALSE)) | N28: 14 | O28: =VLOOKUP(N28,Languages!A:J,VLOOKUP($X$6,Languages!$C$2:$D$10,2,FALSE),FALSE) -> Manufacturing overhead | P28: =IF(Q27=0,0,Q28/Q27) -> 0 | Q28: ='Manufacturing (6,7,8,9)'!AG34 -> 0 | R28: =IF(Q28=0,0,Q28/$Q$44) -> 0 | S28: =R28 -> 0
C29: =IF(VLOOKUP("0.22",Languages!A:J,VLOOKUP($X$6,Languages!$C$2:$D$10,2,FALSE),FALSE)=0,"",VLOOKUP("0.22",Languages!A:J,VLOOKUP($X$6,Languages!$C$2:$D$10,2,FALSE),FALSE)) | N29: 15 | O29: =VLOOKUP(N29,Languages!A:J,VLOOKUP($X$6,Languages!$C$2:$D$10,2,FALSE),FALSE) -> Manuf. scrap | Q29: ='Manufacturing (6,7,8,9)'!AH34 -> 0 | R29: =IF(Q29=0,0,Q29/$Q$44) -> 0 | S29: =R29 -> 0 | V29: ='Manufacturing (6,7,8,9)'!AU34 -> 0 | W29: =IF(V29=0,0,V29/$V$44) -> 0 | X29: =W29 -> 0
C30: =IF(VLOOKUP("0.22",Languages!A:J,VLOOKUP($X$6,Languages!$C$2:$D$10,2,FALSE),FALSE)=0,"",VLOOKUP("0.22",Languages!A:J,VLOOKUP($X$6,Languages!$C$2:$D$10,2,FALSE),FALSE)) | N30: 16 | O30: =VLOOKUP(N30,Languages!A:J,VLOOKUP($X$6,Languages!$C$2:$D$10,2,FALSE),FALSE) -> Tools and devices allocated | Q30: ='Tools and Devices (16,24)'!N37 -> 0 | R30: =IF(Q30=0,0,Q30/$Q$44) -> 0 | S30: =R30 -> 0 | V30: ='Tools and Devices (16,24)'!Q37 -> 0 | W30: =IF(V30=0,0,V30/$V$44) -> 0 | X30: =W30 -> 0
N31: 17 | O31: =VLOOKUP(N31,Languages!A:J,VLOOKUP($X$6,Languages!$C$2:$D$10,2,FALSE),FALSE) -> Int. Work in prog. | Q31: 0 | R31: =IF(Q31=0,0,Q31/$Q$44) -> 0 | S31: =R31 -> 0
N32: 18 | O32: =VLOOKUP(N32,Languages!A:J,VLOOKUP($X$6,Languages!$C$2:$D$10,2,FALSE),FALSE) -> Manufacturing II + III | Q32: =SUM(Q27:Q31) -> 0 | R32: =IF(Q32=0,0,Q32/$Q$44) -> 0 | S32: =R32 -> 0 | V32: =SUM(V27,V29:V30) -> 0 | W32: =IF(V32=0,0,V32/$V$44) -> 0 | X32: =W32 -> 0
N34: 19 | O34: =VLOOKUP(N34,Languages!A:J,VLOOKUP($X$6,Languages!$C$2:$D$10,2,FALSE),FALSE) -> Production | Q34: =Q20+Q32 -> 0 | R34: =IF(Q34=0,0,Q34/$Q$44) -> 0 | S34: =R34 -> 0 | V34: =V20+V32 -> 0 | W34: =IF(V34=0,0,V34/$V$44) -> 0 | X34: =W34 -> 0
N35: 20 | O35: =VLOOKUP(N35,Languages!A:J,VLOOKUP($X$6,Languages!$C$2:$D$10,2,FALSE),FALSE) -> Specific development costs allocated | Q35: 0 | R35: =IF(Q35=0,0,Q35/$Q$44) -> 0 | S35: =R35 -> 0
B36: =VLOOKUP("0.23",Languages!A:J,VLOOKUP($X$6,Languages!$C$2:$D$10,2,FALSE),FALSE) -> Special agreements | N36: 21 | O36: =VLOOKUP(N36,Languages!A:J,VLOOKUP($X$6,Languages!$C$2:$D$10,2,FALSE),FALSE) -> Sales and general administration costs | P36: 0 | Q36: =P36*Q34 -> 0 | R36: =IF(Q36=0,0,Q36/$Q$44) -> 0 | S36: =R36 -> 0 | V36: 0 | W36: =IF(V36=0,0,V36/$V$44) -> 0 | X36: =W36 -> 0
B37: Data must be filled in according to Level 1 resp. Level 2 as requested by Bosch Purchasing For RFQC please select full swing year (e.g. SOP+2) For Spectra / RPP activities please select actual year | N37: 22 | O37: =VLOOKUP(N37,Languages!A:J,VLOOKUP($X$6,Languages!$C$2:$D$10,2,FALSE),FALSE) -> Research and development costs | P37: 0 | Q37: =P37*Q34 -> 0 | R37: =IF(Q37=0,0,Q37/$Q$44) -> 0 | S37: =R37 -> 0
N38: 23 | O38: =VLOOKUP(N38,Languages!A:J,VLOOKUP($X$6,Languages!$C$2:$D$10,2,FALSE),FALSE) -> Others | Q38: 0 | R38: =IF(Q38=0,0,Q38/$Q$44) -> 0 | S38: =R38 -> 0 | V38: 0 | W38: =IF(V38=0,0,V38/$V$44) -> 0 | X38: =W38 -> 0
N39: 24 | O39: =VLOOKUP(N39,Languages!A:J,VLOOKUP($X$6,Languages!$C$2:$D$10,2,FALSE),FALSE) -> Prime | Q39: =SUM(Q34:Q38) -> 0 | R39: =IF(Q39=0,0,Q39/$Q$44) -> 0 | S39: =R39 -> 0
N40: 25 | O40: =VLOOKUP(N40,Languages!A:J,VLOOKUP($X$6,Languages!$C$2:$D$10,2,FALSE),FALSE) -> Profit | P40: 0 | Q40: =P40*(Q14+Q15+Q22+Q23+Q24+Q25+Q28) -> 0 | R40: =IF(Q40=0,0,Q40/$Q$44) -> 0 | S40: =R40 -> 0
N41: 26 | O41: =VLOOKUP(N41,Languages!A:J,VLOOKUP($X$6,Languages!$C$2:$D$10,2,FALSE),FALSE) -> Terms of payment | Q41: 0 | R41: =IF(Q41=0,0,Q41/$Q$44) -> 0 | S41: =R41 -> 0
N42: 27 | O42: =VLOOKUP(N42,Languages!A:J,VLOOKUP($X$6,Languages!$C$2:$D$10,2,FALSE),FALSE) -> Transport, duties | Q42: 0 | R42: =IF(Q42=0,0,Q42/$Q$44) -> 0 | S42: =R42 -> 0 | V42: 0 | W42: =IF(V42=0,0,V42/$V$44) -> 0 | X42: =W42 -> 0
B43: =VLOOKUP("0.24",Languages!A:J,VLOOKUP($X$6,Languages!$C$2:$D$10,2,FALSE),FALSE) -> Comments: | N43: 28 | O43: =VLOOKUP(N43,Languages!A:J,VLOOKUP($X$6,Languages!$C$2:$D$10,2,FALSE),FALSE) -> Carbon tax | Q43: 0 | R43: =IF(Q43=0,0,Q43/$Q$44) -> 0 | S43: =R43 -> 0
B44: 1. Please complete in Quotation unit PCS 2. Carbon footprint data - only needed on special request | N44: 29 | O44: =VLOOKUP(N44,Languages!A:J,VLOOKUP($X$6,Languages!$C$2:$D$10,2,FALSE),FALSE) -> Net sales price / Carbon footprint | Q44: =SUM(Q39:Q40,Q41:Q43) -> 0 | R44: =IF(Q44=0,0,Q44/$Q$44) -> 0 | S44: =R44 -> 0 | V44: =SUM(V34,V36,V38,V42) -> 0 | W44: =IF(V44=0,0,V44/$V$44) -> 0 | X44: =W44 -> 0
O46: =VLOOKUP(23.1,Languages!A:J,VLOOKUP($X$6,Languages!$C$2:$D$10,2,FALSE),FALSE) -> One-time and instalment payments
N47: 30 | O47: =VLOOKUP(N47,Languages!A:J,VLOOKUP($X$6,Languages!$C$2:$D$10,2,FALSE),FALSE) -> Tools and devices | Q47: ='Tools and Devices (16,24)'!L37 -> 0
N48: 31 | O48: =VLOOKUP(N48,Languages!A:J,VLOOKUP($X$6,Languages!$C$2:$D$10,2,FALSE),FALSE) -> Specific development costs | Q48: 0 | AA48: =O46&": "&O48&": "&Q48 -> One-time and instalment payments: Specific development costs: 0

Sheet Material (1,2,3)
F3: =Summary!F3 -> BOSCH Material and Process Evaluation (MPE) | R3: =VLOOKUP("c",Languages!A:J,VLOOKUP(Summary!X6,Languages!$C$2:$D$10,2,FALSE),FALSE) -> Material
S5: =Summary!W5 -> Version | T5: =Summary!X5 -> 4.1
S6: =Summary!W6 -> Language | T6: =Summary!X6 -> English
F7: =Summary!G7 -> Supplier | G7: =IF(Summary!O7=0,"",Summary!O7) | N7: =VLOOKUP("0.01",Languages!A:J,VLOOKUP(Summary!X6,Languages!$C$2:$D$10,2,FALSE),FALSE) -> Field | P7: =Summary!T7 -> Project | R7: =IF(Summary!V7=0,"",Summary!V7)
F8: =Summary!G8 -> Contact person | G8: =IF(Summary!O8=0,"",Summary!O8) | N8: =VLOOKUP("0.02",Languages!A:J,VLOOKUP(Summary!X6,Languages!$C$2:$D$10,2,FALSE),FALSE) -> Level 1 | P8: =Summary!T8 -> Part number | R8: =IF(Summary!V8=0,"",Summary!V8)
F9: =Summary!G9 -> E-Mail | G9: =IF(Summary!O9=0,"",Summary!O9) | N9: =VLOOKUP("0.03",Languages!A:J,VLOOKUP(Summary!X6,Languages!$C$2:$D$10,2,FALSE),FALSE) -> Level 2 | P9: =Summary!T9 -> Part name | R9: =IF(Summary!V9=0,"",Summary!V9)
F10: =Summary!G10 -> Telephone | G10: =IF(Summary!O10=0,"",Summary!O10) | N10: =VLOOKUP("0.04",Languages!A:J,VLOOKUP(Summary!X6,Languages!$C$2:$D$10,2,FALSE),FALSE) -> calculated | P10: =Summary!T10 -> Quotation date | R10: =IF(Summary!V10=0,"",Summary!V10)
B12: =VLOOKUP("M01",Languages!A:J,VLOOKUP(Summary!X6,Languages!$C$2:$D$10,2,FALSE),FALSE) -> General inputs | M12: =VLOOKUP("M02",Languages!A:J,VLOOKUP(Summary!X6,Languages!$C$2:$D$10,2,FALSE),FALSE) -> Cost inputs | AC12: =VLOOKUP("M03",Languages!A:J,VLOOKUP(Summary!X6,Languages!$C$2:$D$10,2,FALSE),FALSE) -> Carbon footprint inputs
B13: M1 | C13: M2 | D13: M3 | E13: M4 | F13: M5 | G13: M6 | H13: M7 | I13: M8 | J13: M9 | K13: M10 | L13: M11 | M13: M12 | N13: M13 | O13: M14 | P13: M15 | Q13: M16 | R13: M17 | T13: M18 | V13: M19 | AC13: M20 | AD13: M21 | AE13: M22 | AG13: M23
B14: =VLOOKUP(B13,Languages!A:J,VLOOKUP(Summary!X6,Languages!$C$2:$D$10,2,FALSE),FALSE) -> No. | C14: =VLOOKUP(C13,Languages!A:J,VLOOKUP(Summary!X6,Languages!$C$2:$D$10,2,FALSE),FALSE) -> Manufacturing step no. | D14: =VLOOKUP(D13,Languages!A:J,VLOOKUP(Summary!X6,Languages!$C$2:$D$10,2,FALSE),FALSE) -> Item number | E14: =VLOOKUP(E13,Languages!A:J,VLOOKUP(Summary!X6,Languages!$C$2:$D$10,2,FALSE),FALSE) -> Part designation | F14: =VLOOKUP(F13,Languages!A:J,VLOOKUP(Summary!X6,Languages!$C$2:$D$10,2,FALSE),FALSE) -> Designation raw material / purchased part | G14: =VLOOKUP(G13,Languages!A:J,VLOOKUP(Summary!X6,Languages!$C$2:$D$10,2,FALSE),FALSE) -> Material class | H14: =VLOOKUP(H13,Languages!A:J,VLOOKUP(Summary!X6,Languages!$C$2:$D$10,2,FALSE),FALSE) -> Supplier | I14: =VLOOKUP(I13,Languages!A:J,VLOOKUP(Summary!X6,Languages!$C$2:$D$10,2,FALSE),FALSE) -> Unit | J14: =VLOOKUP(J13,Languages!A:J,VLOOKUP(Summary!X6,Languages!$C$2:$D$10,2,FALSE),FALSE) -> Deployed weight/ quantity | K14: =VLOOKUP(K13,Languages!A:J,VLOOKUP(Summary!X6,Languages!$C$2:$D$10,2,FALSE),FALSE) -> Net weight of finished part (only for info.) | L14: =VLOOKUP(L13,Languages!A:J,VLOOKUP(Summary!X6,Languages!$C$2:$D$10,2,FALSE),FALSE) -> Usage | M14: =VLOOKUP(M13,Languages!A:J,VLOOKUP(Summary!X6,Languages!$C$2:$D$10,2,FALSE),FALSE) -> Purchasing currency | N14: =VLOOKUP(N13,Languages!A:J,VLOOKUP(Summary!X6,Languages!$C$2:$D$10,2,FALSE),FALSE) -> Price in purchasing currency per unit | O14: =VLOOKUP(O13,Languages!A:J,VLOOKUP(Summary!X6,Languages!$C$2:$D$10,2,FALSE),FALSE) -> Rate of exchange (AW/BW) | P14: =VLOOKUP(P13,Languages!A:J,VLOOKUP(Summary!X6,Languages!$C$2:$D$10,2,FALSE),FALSE) -> Price in quotation currency per unit | Q14: =VLOOKUP(Q13,Languages!A:J,VLOOKUP(Summary!X6,Languages!$C$2:$D$10,2,FALSE),FALSE) -> Material costs | R14: =VLOOKUP(R13,Languages!A:J,VLOOKUP(Summary!X6,Languages!$C$2:$D$10,2,FALSE),FALSE) -> Material overhead costs (Base is M15) | T14: =VLOOKUP(T13,Languages!A:J,VLOOKUP(Summary!X6,Languages!$C$2:$D$10,2,FALSE),FALSE) -> Material scrap costs | V14: =VLOOKUP(V13,Languages!A:J,VLOOKUP(Summary!X6,Languages!$C$2:$D$10,2,FALSE),FALSE) -> Total material costs | X14: Total DMC | Y14: Total raw material costs | Z14: Total purchased part costs | AA14: Total MOC | AB14: Total material scrap costs | AC14: =VLOOKUP(AC13,Languages!A:J,VLOOKUP(Summary!X6,Languages!$C$2:$D$10,2,FALSE),FALSE) -> Carbon footprint | AD14: =VLOOKUP(AD13,Languages!A:J,VLOOKUP(Summary!X6,Languages!$C$2:$D$10,2,FALSE),FALSE) -> Direct material carbon footprint | AE14: =VLOOKUP(AE13,Languages!A:J,VLOOKUP(Summary!X6,Languages!$C$2:$D$10,2,FALSE),FALSE) -> Material scrap carbon footprint | AG14: =VLOOKUP(AG13,Languages!A:J,VLOOKUP(Summary!X6,Languages!$C$2:$D$10,2,FALSE),FALSE) -> Total material carbon footprint | AH14: Total DMC | AI14: Total raw material carbon footprint | AJ14: Total purchased part carbon footprint | AK14: Total material scrap carbon footprint
P15: =Summary!D18 -> 0 | Q15: =Summary!D18 -> 0 | S15: =Summary!D18 -> 0 | T15: =Summary!D18 -> 0 | V15: =Summary!D18 -> 0 | AC15: kg Co2e | AD15: kg Co2e | AE15: kg Co2e | AG15: kg Co2e
Q16: =VLOOKUP(13.3,Languages!A:J,VLOOKUP(Summary!X6,Languages!$C$2:$D$10,2,FALSE),FALSE) -> /unit | R16: % | S16: =VLOOKUP(13.3,Languages!A:J,VLOOKUP(Summary!X6,Languages!$C$2:$D$10,2,FALSE),FALSE) -> /unit | T16: =VLOOKUP(13.3,Languages!A:J,VLOOKUP(Summary!X6,Languages!$C$2:$D$10,2,FALSE),FALSE) -> /unit | U16: % | V16: =VLOOKUP(13.3,Languages!A:J,VLOOKUP(Summary!X6,Languages!$C$2:$D$10,2,FALSE),FALSE) -> /unit | AC16: =VLOOKUP(13.3,Languages!A:J,VLOOKUP(Summary!X6,Languages!$C$2:$D$10,2,FALSE),FALSE) -> /unit | AD16: =VLOOKUP(13.3,Languages!A:J,VLOOKUP(Summary!X6,Languages!$C$2:$D$10,2,FALSE),FALSE) -> /unit | AE16: =VLOOKUP(13.3,Languages!A:J,VLOOKUP(Summary!X6,Languages!$C$2:$D$10,2,FALSE),FALSE) -> /unit | AF16: % | AG16: =VLOOKUP(13.3,Languages!A:J,VLOOKUP(Summary!X6,Languages!$C$2:$D$10,2,FALSE),FALSE) -> /unit
P17: =IF(N17=0,0,N17*O17) -> 0 | Q17: =P17*J17 -> 0 | S17: =Q17*R17 -> 0 | U17: =IF(T17=0,"-",T17/(Q17+T17)) -> - | V17: =SUM(Q17,S17,T17)*L17 -> 0 | W17: =$K$14&": "&K17 -> Net weight of finished part (only for info.): | X17: =Q17*L17 -> 0 | Y17: =SUMIF(G17,RawMaterial,Q17)*L17 -> 0 | Z17: =X17-Y17 -> 0 | AA17: =S17*L17 -> 0 | AB17: =T17*L17 -> 0 | AD17: =AC17*J17 -> 0 | AF17: =IF(AE17=0,"-",AE17/(AD17+AE17)) -> - | AG17: =SUM(AD17,AE17)*L17 -> 0 | AH17: =AD17*L17 -> 0 | AI17: =SUMIF(G17,RawMaterial,AD17)*L17 -> 0 | AJ17: =AH17-AI17 -> 0 | AK17: =AE17*L17 -> 0
P18: =IF(N18=0,0,N18*O18) -> 0 | Q18: =P18*J18 -> 0 | S18: =Q18*R18 -> 0 | U18: =IF(T18=0,"-",T18/(Q18+T18)) -> - | V18: =SUM(Q18,S18,T18)*L18 -> 0 | W18: =$K$14&": "&K18 -> Net weight of finished part (only for info.): | X18: =Q18*L18 -> 0 | Y18: =SUMIF(G18,RawMaterial,Q18)*L18 -> 0 | Z18: =X18-Y18 -> 0 | AA18: =S18*L18 -> 0 | AB18: =T18*L18 -> 0 | AD18: =AC18*J18 -> 0 | AF18: =IF(AE18=0,"-",AE18/(AD18+AE18)) -> - | AG18: =SUM(AD18,AE18)*L18 -> 0 | AH18: =AD18*L18 -> 0 | AI18: =SUMIF(G18,RawMaterial,AD18)*L18 -> 0 | AJ18: =AH18-AI18 -> 0 | AK18: =AE18*L18 -> 0
P19: =IF(N19=0,0,N19*O19) -> 0 | Q19: =P19*J19 -> 0 | S19: =Q19*R19 -> 0 | U19: =IF(T19=0,"-",T19/(Q19+T19)) -> - | V19: =SUM(Q19,S19,T19)*L19 -> 0 | W19: =$K$14&": "&K19 -> Net weight of finished part (only for info.): | X19: =Q19*L19 -> 0 | Y19: =SUMIF(G19,RawMaterial,Q19)*L19 -> 0 | Z19: =X19-Y19 -> 0 | AA19: =S19*L19 -> 0 | AB19: =T19*L19 -> 0 | AD19: =AC19*J19 -> 0 | AF19: =IF(AE19=0,"-",AE19/(AD19+AE19)) -> - | AG19: =SUM(AD19,AE19)*L19 -> 0 | AH19: =AD19*L19 -> 0 | AI19: =SUMIF(G19,RawMaterial,AD19)*L19 -> 0 | AJ19: =AH19-AI19 -> 0 | AK19: =AE19*L19 -> 0
P20: =IF(N20=0,0,N20*O20) -> 0 | Q20: =P20*J20 -> 0 | S20: =Q20*R20 -> 0 | U20: =IF(T20=0,"-",T20/(Q20+T20)) -> - | V20: =SUM(Q20,S20,T20)*L20 -> 0 | W20: =$K$14&": "&K20 -> Net weight of finished part (only for info.): | X20: =Q20*L20 -> 0 | Y20: =SUMIF(G20,RawMaterial,Q20)*L20 -> 0 | Z20: =X20-Y20 -> 0 | AA20: =S20*L20 -> 0 | AB20: =T20*L20 -> 0 | AD20: =AC20*J20 -> 0 | AF20: =IF(AE20=0,"-",AE20/(AD20+AE20)) -> - | AG20: =SUM(AD20,AE20)*L20 -> 0 | AH20: =AD20*L20 -> 0 | AI20: =SUMIF(G20,RawMaterial,AD20)*L20 -> 0 | AJ20: =AH20-AI20 -> 0 | AK20: =AE20*L20 -> 0
P21: =IF(N21=0,0,N21*O21) -> 0 | Q21: =P21*J21 -> 0 | S21: =Q21*R21 -> 0 | U21: =IF(T21=0,"-",T21/(Q21+T21)) -> - | V21: =SUM(Q21,S21,T21)*L21 -> 0 | W21: =$K$14&": "&K21 -> Net weight of finished part (only for info.): | X21: =Q21*L21 -> 0 | Y21: =SUMIF(G21,RawMaterial,Q21)*L21 -> 0 | Z21: =X21-Y21 -> 0 | AA21: =S21*L21 -> 0 | AB21: =T21*L21 -> 0 | AD21: =AC21*J21 -> 0 | AF21: =IF(AE21=0,"-",AE21/(AD21+AE21)) -> - | AG21: =SUM(AD21,AE21)*L21 -> 0 | AH21: =AD21*L21 -> 0 | AI21: =SUMIF(G21,RawMaterial,AD21)*L21 -> 0 | AJ21: =AH21-AI21 -> 0 | AK21: =AE21*L21 -> 0
P22: =IF(N22=0,0,N22*O22) -> 0 | Q22: =P22*J22 -> 0 | S22: =Q22*R22 -> 0 | U22: =IF(T22=0,"-",T22/(Q22+T22)) -> - | V22: =SUM(Q22,S22,T22)*L22 -> 0 | W22: =$K$14&": "&K22 -> Net weight of finished part (only for info.): | X22: =Q22*L22 -> 0 | Y22: =SUMIF(G22,RawMaterial,Q22)*L22 -> 0 | Z22: =X22-Y22 -> 0 | AA22: =S22*L22 -> 0 | AB22: =T22*L22 -> 0 | AD22: =AC22*J22 -> 0 | AF22: =IF(AE22=0,"-",AE22/(AD22+AE22)) -> - | AG22: =SUM(AD22,AE22)*L22 -> 0 | AH22: =AD22*L22 -> 0 | AI22: =SUMIF(G22,RawMaterial,AD22)*L22 -> 0 | AJ22: =AH22-AI22 -> 0 | AK22: =AE22*L22 -> 0
P23: =IF(N23=0,0,N23*O23) -> 0 | Q23: =P23*J23 -> 0 | S23: =Q23*R23 -> 0 | U23: =IF(T23=0,"-",T23/(Q23+T23)) -> - | V23: =SUM(Q23,S23,T23)*L23 -> 0 | W23: =$K$14&": "&K23 -> Net weight of finished part (only for info.): | X23: =Q23*L23 -> 0 | Y23: =SUMIF(G23,RawMaterial,Q23)*L23 -> 0 | Z23: =X23-Y23 -> 0 | AA23: =S23*L23 -> 0 | AB23: =T23*L23 -> 0 | AD23: =AC23*J23 -> 0 | AF23: =IF(AE23=0,"-",AE23/(AD23+AE23)) -> - | AG23: =SUM(AD23,AE23)*L23 -> 0 | AH23: =AD23*L23 -> 0 | AI23: =SUMIF(G23,RawMaterial,AD23)*L23 -> 0 | AJ23: =AH23-AI23 -> 0 | AK23: =AE23*L23 -> 0
P24: =IF(N24=0,0,N24*O24) -> 0 | Q24: =P24*J24 -> 0 | S24: =Q24*R24 -> 0 | U24: =IF(T24=0,"-",T24/(Q24+T24)) -> - | V24: =SUM(Q24,S24,T24)*L24 -> 0 | W24: =$K$14&": "&K24 -> Net weight of finished part (only for info.): | X24: =Q24*L24 -> 0 | Y24: =SUMIF(G24,RawMaterial,Q24)*L24 -> 0 | Z24: =X24-Y24 -> 0 | AA24: =S24*L24 -> 0 | AB24: =T24*L24 -> 0 | AD24: =AC24*J24 -> 0 | AF24: =IF(AE24=0,"-",AE24/(AD24+AE24)) -> - | AG24: =SUM(AD24,AE24)*L24 -> 0 | AH24: =AD24*L24 -> 0 | AI24: =SUMIF(G24,RawMaterial,AD24)*L24 -> 0 | AJ24: =AH24-AI24 -> 0 | AK24: =AE24*L24 -> 0
P25: =IF(N25=0,0,N25*O25) -> 0 | Q25: =P25*J25 -> 0 | S25: =Q25*R25 -> 0 | U25: =IF(T25=0,"-",T25/(Q25+T25)) -> - | V25: =SUM(Q25,S25,T25)*L25 -> 0 | W25: =$K$14&": "&K25 -> Net weight of finished part (only for info.): | X25: =Q25*L25 -> 0 | Y25: =SUMIF(G25,RawMaterial,Q25)*L25 -> 0 | Z25: =X25-Y25 -> 0 | AA25: =S25*L25 -> 0 | AB25: =T25*L25 -> 0 | AD25: =AC25*J25 -> 0 | AF25: =IF(AE25=0,"-",AE25/(AD25+AE25)) -> - | AG25: =SUM(AD25,AE25)*L25 -> 0 | AH25: =AD25*L25 -> 0 | AI25: =SUMIF(G25,RawMaterial,AD25)*L25 -> 0 | AJ25: =AH25-AI25 -> 0 | AK25: =AE25*L25 -> 0
P26: =IF(N26=0,0,N26*O26) -> 0 | Q26: =P26*J26 -> 0 | S26: =Q26*R26 -> 0 | U26: =IF(T26=0,"-",T26/(Q26+T26)) -> - | V26: =SUM(Q26,S26,T26)*L26 -> 0 | W26: =$K$14&": "&K26 -> Net weight of finished part (only for info.): | X26: =Q26*L26 -> 0 | Y26: =SUMIF(G26,RawMaterial,Q26)*L26 -> 0 | Z26: =X26-Y26 -> 0 | AA26: =S26*L26 -> 0 | AB26: =T26*L26 -> 0 | AD26: =AC26*J26 -> 0 | AF26: =IF(AE26=0,"-",AE26/(AD26+AE26)) -> - | AG26: =SUM(AD26,AE26)*L26 -> 0 | AH26: =AD26*L26 -> 0 | AI26: =SUMIF(G26,RawMaterial,AD26)*L26 -> 0 | AJ26: =AH26-AI26 -> 0 | AK26: =AE26*L26 -> 0
P27: =IF(N27=0,0,N27*O27) -> 0 | Q27: =P27*J27 -> 0 | S27: =Q27*R27 -> 0 | U27: =IF(T27=0,"-",T27/(Q27+T27)) -> - | V27: =SUM(Q27,S27,T27)*L27 -> 0 | W27: =$K$14&": "&K27 -> Net weight of finished part (only for info.): | X27: =Q27*L27 -> 0 | Y27: =SUMIF(G27,RawMaterial,Q27)*L27 -> 0 | Z27: =X27-Y27 -> 0 | AA27: =S27*L27 -> 0 | AB27: =T27*L27 -> 0 | AD27: =AC27*J27 -> 0 | AF27: =IF(AE27=0,"-",AE27/(AD27+AE27)) -> - | AG27: =SUM(AD27,AE27)*L27 -> 0 | AH27: =AD27*L27 -> 0 | AI27: =SUMIF(G27,RawMaterial,AD27)*L27 -> 0 | AJ27: =AH27-AI27 -> 0 | AK27: =AE27*L27 -> 0
P28: =IF(N28=0,0,N28*O28) -> 0 | Q28: =P28*J28 -> 0 | S28: =Q28*R28 -> 0 | U28: =IF(T28=0,"-",T28/(Q28+T28)) -> - | V28: =SUM(Q28,S28,T28)*L28 -> 0 | W28: =$K$14&": "&K28 -> Net weight of finished part (only for info.): | X28: =Q28*L28 -> 0 | Y28: =SUMIF(G28,RawMaterial,Q28)*L28 -> 0 | Z28: =X28-Y28 -> 0 | AA28: =S28*L28 -> 0 | AB28: =T28*L28 -> 0 | AD28: =AC28*J28 -> 0 | AF28: =IF(AE28=0,"-",AE28/(AD28+AE28)) -> - | AG28: =SUM(AD28,AE28)*L28 -> 0 | AH28: =AD28*L28 -> 0 | AI28: =SUMIF(G28,RawMaterial,AD28)*L28 -> 0 | AJ28: =AH28-AI28 -> 0 | AK28: =AE28*L28 -> 0
... P31: =IF(N31=0,0,N31*O31) -> 0 | Q31: =P31*J31 -> 0 | S31: =Q31*R31 -> 0 | U31: =IF(T31=0,"-",T31/(Q31+T31)) -> - | V31: =SUM(Q31,S31,T31)*L31 -> 0 | W31: =$K$14&": "&K31 -> Net weight of finished part (only for info.): | X31: =Q31*L31 -> 0 | Y31: =SUMIF(G31,RawMaterial,Q31)*L31 -> 0 | Z31: =X31-Y31 -> 0 | AA31: =S31*L31 -> 0 | AB31: =T31*L31 -> 0 | AD31: =AC31*J31 -> 0 | AF31: =IF(AE31=0,"-",AE31/(AD31+AE31)) -> - | AG31: =SUM(AD31,AE31)*L31 -> 0 | AH31: =AD31*L31 -> 0 | AI31: =SUMIF(G31,RawMaterial,AD31)*L31 -> 0 | AJ31: =AH31-AI31 -> 0 | AK31: =AE31*L31 -> 0
P32: =IF(N32=0,0,N32*O32) -> 0 | Q32: =P32*J32 -> 0 | S32: =Q32*R32 -> 0 | T32: =0%*(Q17+0%*Q17) -> 0 | U32: =IF(T32=0,"-",T32/(Q32+T32)) -> - | V32: =SUM(Q32,S32,T32)*L32 -> 0 | W32: =$K$14&": "&K32 -> Net weight of finished part (only for info.): | X32: =Q32*L32 -> 0 | Y32: =SUMIF(G32,RawMaterial,Q32)*L32 -> 0 | Z32: =X32-Y32 -> 0 | AA32: =S32*L32 -> 0 | AB32: =T32*L32 -> 0 | AD32: =AC32*J32 -> 0 | AF32: =IF(AE32=0,"-",AE32/(AD32+AE32)) -> - | AG32: =SUM(AD32,AE32)*L32 -> 0 | AH32: =AD32*L32 -> 0 | AI32: =SUMIF(G32,RawMaterial,AD32)*L32 -> 0 | AJ32: =AH32-AI32 -> 0 | AK32: =AE32*L32 -> 0
B34: Material | L34: =VLOOKUP("M25",Languages!A:J,VLOOKUP(Summary!X6,Languages!$C$2:$D$10,2,FALSE),FALSE) -> Sums | S34: =VLOOKUP("M29",Languages!A:J,VLOOKUP(Summary!X6,Languages!$C$2:$D$10,2,FALSE),FALSE) -> Mat. OH | T34: =VLOOKUP("M30",Languages!A:J,VLOOKUP(Summary!X6,Languages!$C$2:$D$10,2,FALSE),FALSE) -> Scrap | V34: =VLOOKUP("M31",Languages!A:J,VLOOKUP(Summary!X6,Languages!$C$2:$D$10,2,FALSE),FALSE) -> Total MC | X34: =SUM(X16:X32) -> 0 | Y34: =SUM(Y16:Y32) -> 0 | Z34: =SUM(Z16:Z32) -> 0 | AA34: =SUM(AA16:AA32) -> 0 | AB34: =SUM(AB16:AB32) -> 0 | AG34: =VLOOKUP("M32",Languages!A:J,VLOOKUP(Summary!X6,Languages!$C$2:$D$10,2,FALSE),FALSE) -> Total material carbon footprint | AH34: =SUM(AH16:AH32) -> 0 | AI34: =SUM(AI16:AI32) -> 0 | AJ34: =SUM(AJ16:AJ32) -> 0 | AK34: =SUM(AK16:AK32) -> 0
B35: =VLOOKUP("M24",Languages!A:J,VLOOKUP(Summary!X6,Languages!$C$2:$D$10,2,FALSE),FALSE) -> Comments | Q35: =VLOOKUP("M26",Languages!A:J,VLOOKUP(Summary!X6,Languages!$C$2:$D$10,2,FALSE),FALSE) -> Total DMC | S35: =SUM(S15:S32) -> 0 | T35: =SUM(T15:T32) -> 0 | V35: =SUM(V15:V32) -> 0 | AG35: =SUM(AG15:AG32) -> 0
Q36: =VLOOKUP("M27",Languages!A:J,VLOOKUP(Summary!X6,Languages!$C$2:$D$10,2,FALSE),FALSE) -> Raw Materials | S36: =SUMIF(G15:G32,Assumptions!H5,S15:S32) -> 0 | V36: =SUMIF(G15:G32,Assumptions!H5,V15:V32) -> 0
Q37: =VLOOKUP("M28",Languages!A:J,VLOOKUP(Summary!X6,Languages!$C$2:$D$10,2,FALSE),FALSE) -> Purchased Parts | S37: =SUM(S15:S32)-S36 -> 0 | V37: =SUM(V15:V32)-V36 -> 0

Sheet Manufacturing (6,7,8,9)
E3: =Summary!F3 -> BOSCH Material and Process Evaluation (MPE) | W3: =VLOOKUP("d",Languages!A:J,VLOOKUP(Summary!X6,Languages!$C$2:$D$10,2,FALSE),FALSE) -> Manufacturing
X5: =Summary!W5 -> Version | Y5: =Summary!X5 -> 4.1
X6: =Summary!W6 -> Language | Y6: =Summary!X6 -> English
E7: =Summary!G7 -> Supplier | G7: =IF(Summary!O7=0,"",Summary!O7) | M7: =VLOOKUP("0.01",Languages!A:J,VLOOKUP(Summary!X6,Languages!$C$2:$D$10,2,FALSE),FALSE) -> Field | U7: =Summary!T7 -> Project | W7: =IF(Summary!V7=0,"",Summary!V7)
E8: =Summary!G8 -> Contact person | G8: =IF(Summary!O8=0,"",Summary!O8) | M8: =VLOOKUP("0.02",Languages!A:J,VLOOKUP(Summary!X6,Languages!$C$2:$D$10,2,FALSE),FALSE) -> Level 1 | U8: =Summary!T8 -> Part number | W8: =IF(Summary!V8=0,"",Summary!V8)
E9: =Summary!G9 -> E-Mail | G9: =IF(Summary!O9=0,"",Summary!O9) | M9: =VLOOKUP("0.03",Languages!A:J,VLOOKUP(Summary!X6,Languages!$C$2:$D$10,2,FALSE),FALSE) -> Level 2 | U9: =Summary!T9 -> Part name | W9: =IF(Summary!V9=0,"",Summary!V9)
E10: =Summary!G10 -> Telephone | G10: =IF(Summary!O10=0,"",Summary!O10) | M10: =VLOOKUP("0.04",Languages!A:J,VLOOKUP(Summary!X6,Languages!$C$2:$D$10,2,FALSE),FALSE) -> calculated | U10: =Summary!T10 -> Quotation date | W10: =IF(Summary!V10=0,"",Summary!V10)
B12: =VLOOKUP("P01",Languages!A:J,VLOOKUP(Summary!X6,Languages!$C$2:$D$10,2,FALSE),FALSE) -> General inputs | L12: =VLOOKUP("P02",Languages!A:J,VLOOKUP(Summary!X6,Languages!$C$2:$D$10,2,FALSE),FALSE) -> Cost inputs | AF12: Sum Machine costs + Setup costs + Tool Maintenance | AI12: =G14&" " &$R$14 -> Utilization ratio (only for info.) Manufacturing lot size (only for info.) | AK12: =VLOOKUP("P03",Languages!A:J,VLOOKUP(Summary!X6,Languages!$C$2:$D$10,2,FALSE),FALSE) -> Carbon footprint inputs
B13: P1 | C13: P2 | D13: P3 | E13: P4 | F13: P4.1 | G13: P5 | H13: P6 | I13: P6.1 | J13: P7 | K13: P20 | L13: P8 | M13: P9 | N13: P10 | O13: P11 | P13: P12 | Q13: P13 | R13: P14 | S13: P15 | T13: P16 | U13: P17 | W13: P18 | Y13: P19 | Z13: P21 | AK13: P33 | AL13: P34 | AM13: P35 | AN13: P36 | AO13: P37 | AQ13: P38 | AR13: P39
B14: =VLOOKUP("P1",Languages!A:J,VLOOKUP(Summary!X6,Languages!$C$2:$D$10,2,FALSE),FALSE) -> Manufacturing step no. | C14: =VLOOKUP(C13,Languages!A:J,VLOOKUP(Summary!X6,Languages!$C$2:$D$10,2,FALSE),FALSE) -> Designation Manufacturing step | D14: =VLOOKUP(D13,Languages!A:J,VLOOKUP(Summary!X6,Languages!$C$2:$D$10,2,FALSE),FALSE) -> Designation facility / machine / type | E14: =VLOOKUP(E13,Languages!A:J,VLOOKUP(Summary!$X$6,Languages!$C$2:$D$10,2,FALSE),FALSE) -> Investment facility / machine / type | F14: Calculation quality | G14: =VLOOKUP(G13,Languages!A:J,VLOOKUP(Summary!$X$6,Languages!$C$2:$D$10,2,FALSE),FALSE) -> Utilization ratio (only for info.) | H14: =VLOOKUP(H13,Languages!A:J,VLOOKUP(Summary!$X$6,Languages!$C$2:$D$10,2,FALSE),FALSE) -> Cycle time | I14: Cycle time calculation in seconds | J14: =VLOOKUP(J13,Languages!A:J,VLOOKUP(Summary!$X$6,Languages!$C$2:$D$10,2,FALSE),FALSE) -> Number of parts per cycle | K14: =VLOOKUP(K13,Languages!A:J,VLOOKUP(Summary!$X$6,Languages!$C$2:$D$10,2,FALSE),FALSE) -> Usage | L14: =VLOOKUP(L13,Languages!A:J,VLOOKUP(Summary!$X$6,Languages!$C$2:$D$10,2,FALSE),FALSE) -> Machine hourly rate | M14: =VLOOKUP(M13,Languages!A:J,VLOOKUP(Summary!$X$6,Languages!$C$2:$D$10,2,FALSE),FALSE) -> Machine costs | N14: =VLOOKUP(N13,Languages!A:J,VLOOKUP(Summary!$X$6,Languages!$C$2:$D$10,2,FALSE),FALSE) -> Number of direct workers | O14: =VLOOKUP(O13,Languages!A:J,VLOOKUP(Summary!$X$6,Languages!$C$2:$D$10,2,FALSE),FALSE) -> Total labor hourly rate | P14: =VLOOKUP(P13,Languages!A:J,VLOOKUP(Summary!$X$6,Languages!$C$2:$D$10,2,FALSE),FALSE) -> Direct labor costs | Q14: =VLOOKUP(Q13,Languages!A:J,VLOOKUP(Summary!$X$6,Languages!$C$2:$D$10,2,FALSE),FALSE) -> Setup costs / Process costs per unit | ... U14: =VLOOKUP(U13,Languages!A:J,VLOOKUP(Summary!$X$6,Languages!$C$2:$D$10,2,FALSE),FALSE) -> Manufacturing overhead costs (Base is P16) | W14: =VLOOKUP(W13,Languages!A:J,VLOOKUP(Summary!$X$6,Languages!$C$2:$D$10,2,FALSE),FALSE) -> Manufacturing scrap | Y14: =VLOOKUP(Y13,Languages!A:J,VLOOKUP(Summary!$X$6,Languages!$C$2:$D$10,2,FALSE),FALSE) -> Manufacturing costs | Z14: =VLOOKUP(Z13,Languages!A:J,VLOOKUP(Summary!$X$6,Languages!$C$2:$D$10,2,FALSE),FALSE) -> Total Manufacturing costs | AA14: Machine costs | AB14: Direct labor costs | AC14: Setup costs per unit | AD14: Process costs | AE14: Tool maintenance | AG14: Manufacturing overhead costs | AH14: Manufacturing Scrap | AK14: =VLOOKUP(AK13,Languages!A:J,VLOOKUP(Summary!$X$6,Languages!$C$2:$D$10,2,FALSE),FALSE) -> Machine carbon footprint rate | AL14: =VLOOKUP(AL13,Languages!A:J,VLOOKUP(Summary!$X$6,Languages!$C$2:$D$10,2,FALSE),FALSE) -> Machine carbon footprint | AM14: =VLOOKUP(AM13,Languages!A:J,VLOOKUP(Summary!$X$6,Languages!$C$2:$D$10,2,FALSE),FALSE) -> Carbon footprint per unit | AN14: =VLOOKUP(AN13,Languages!A:J,VLOOKUP(Summary!$X$6,Languages!$C$2:$D$10,2,FALSE),FALSE) -> Manufacturing carbon footprint I | AO14: =VLOOKUP(AO13,Languages!A:J,VLOOKUP(Summary!$X$6,Languages!$C$2:$D$10,2,FALSE),FALSE) -> Manufacturing scrap carbon footprint | AQ14: =VLOOKUP(AQ13,Languages!A:J,VLOOKUP(Summary!$X$6,Languages!$C$2:$D$10,2,FALSE),FALSE) -> Manufacturing carbon footprint II | AR14: =VLOOKUP(AR13,Languages!A:J,VLOOKUP(Summary!$X$6,Languages!$C$2:$D$10,2,FALSE),FALSE) -> Production carbon footprint | AS14: Machine carbon footprint | AT14: Carbon footprint per unit | AU14: Manufacturing Scrap carbon footprint
H15: in | L15: =Summary!D18 -> 0 | M15: =Summary!D18 -> 0 | O15: =Summary!D18 -> 0 | P15: =Summary!D18 -> 0 | Q15: =Summary!D18 -> 0 | S15: =Summary!D18 -> 0 | T15: =Summary!D18 -> 0 | V15: =Summary!D18 -> 0 | W15: =Summary!D18 -> 0 | Y15: =Summary!D18 -> 0 | Z15: =Summary!D18 -> 0 | AK15: kg Co2e | AL15: kg Co2e | AM15: kg Co2e | AN15: kg Co2e | AO15: kg Co2e | AQ15: kg Co2e | AR15: kg Co2e
E16: =Summary!D18 -> 0 | G16: % | H16: seconds | I16: seconds | K16: =VLOOKUP(13.5,Languages!A:J,VLOOKUP(Summary!$X$6,Languages!$C$2:$D$10,2,FALSE),FALSE) -> units | L16: =VLOOKUP("P8.1",Languages!A:J,VLOOKUP(Summary!$X$6,Languages!$C$2:$D$10,2,FALSE),FALSE) -> /hour | M16: =VLOOKUP(13.3,Languages!A:J,VLOOKUP(Summary!$X$6,Languages!$C$2:$D$10,2,FALSE),FALSE) -> /unit | N16: =VLOOKUP(13.4,Languages!A:J,VLOOKUP(Summary!$X$6,Languages!$C$2:$D$10,2,FALSE),FALSE) -> unit | O16: =VLOOKUP("P8.1",Languages!A:J,VLOOKUP(Summary!$X$6,Languages!$C$2:$D$10,2,FALSE),FALSE) -> /hour | P16: =VLOOKUP(13.3,Languages!A:J,VLOOKUP(Summary!$X$6,Languages!$C$2:$D$10,2,FALSE),FALSE) -> /unit | Q16: =VLOOKUP(13.3,Languages!A:J,VLOOKUP(Summary!$X$6,Languages!$C$2:$D$10,2,FALSE),FALSE) -> /unit | S16: =VLOOKUP(13.3,Languages!A:J,VLOOKUP(Summary!$X$6,Languages!$C$2:$D$10,2,FALSE),FALSE) -> /unit | T16: =VLOOKUP(13.3,Languages!A:J,VLOOKUP(Summary!$X$6,Languages!$C$2:$D$10,2,FALSE),FALSE) -> /unit | U16: % | V16: =VLOOKUP(13.3,Languages!A:J,VLOOKUP(Summary!$X$6,Languages!$C$2:$D$10,2,FALSE),FALSE) -> /unit | W16: =VLOOKUP(13.3,Languages!A:J,VLOOKUP(Summary!$X$6,Languages!$C$2:$D$10,2,FALSE),FALSE) -> /unit | X16: % | Y16: =VLOOKUP(13.3,Languages!A:J,VLOOKUP(Summary!$X$6,Languages!$C$2:$D$10,2,FALSE),FALSE) -> /unit | Z16: =VLOOKUP(13.6,Languages!A:J,VLOOKUP(Summary!$X$6,Languages!$C$2:$D$10,2,FALSE),FALSE) -> /quot. Unit | AK16: =VLOOKUP("P8.1",Languages!A:J,VLOOKUP(Summary!$X$6,Languages!$C$2:$D$10,2,FALSE),FALSE) -> /hour | AL16: =VLOOKUP(13.3,Languages!A:J,VLOOKUP(Summary!$X$6,Languages!$C$2:$D$10,2,FALSE),FALSE) -> /unit | AM16: =VLOOKUP(13.3,Languages!A:J,VLOOKUP(Summary!$X$6,Languages!$C$2:$D$10,2,FALSE),FALSE) -> /unit | AN16: =VLOOKUP(13.3,Languages!A:J,VLOOKUP(Summary!$X$6,Languages!$C$2:$D$10,2,FALSE),FALSE) -> /unit | AO16: =VLOOKUP(13.3,Languages!A:J,VLOOKUP(Summary!$X$6,Languages!$C$2:$D$10,2,FALSE),FALSE) -> /unit | AP16: % | AQ16: =VLOOKUP(13.3,Languages!A:J,VLOOKUP(Summary!$X$6,Languages!$C$2:$D$10,2,FALSE),FALSE) -> /unit | AR16: =VLOOKUP(13.3,Languages!A:J,VLOOKUP(Summary!$X$6,Languages!$C$2:$D$10,2,FALSE),FALSE) -> /unit
F17: Detailed | I17: =IF($H$16=Assumptions!$J$6,H17*60,IF($H$16=Assumptions!$J$7,H17*3600,H17)) -> 0 | M17: =IF(J17>0,L17*I17/J17/3600,0) -> 0 | P17: =IF(J17>0,(N17*O17)*I17/J17/3600,0) -> 0 | T17: =IF(F17=Assumptions!$I$6,Q17,SUM(M17+P17+Q17+S17)) -> 0 | V17: =T17*U17 -> 0 | X17: =IF(W17=0,"-",W17/Y17) -> - | Y17: =SUM(T17+V17+W17) -> 0 | Z17: =IF(Y17=0,"-",Y17*K17) -> - | AA17: =M17*K17 -> 0 | AB17: =P17*K17 -> 0 | AC17: =IF(F17=Assumptions!$I$5,Q17*K17,0) -> 0 | AD17: =IF(F17=Assumptions!$I$6,Q17*K17,0) -> 0 | AE17: =S17*K17 -> 0 | AF17: =AA17+AC17+AE17 -> 0 | AG17: =V17*K17 -> 0 | AH17: =W17*K17 -> 0 | AI17: =$G$14&": "&G17*100&" %"&" "&$R$14&": "&R17 -> Utilization ratio (only for info.): 0 % Manufacturing lot size (only for info.): | AL17: =IF(J17>0,AK17*I17/J17/3600,0) -> 0 | AN17: =IF(F17=Assumptions!$I$6,AM17,AL17) -> 0 | AP17: =IF(AO17=0,"-",AO17/AQ17) -> - | AQ17: =SUM(AN17+AO17) -> 0 | AR17: =IF(AQ17=0,"-",AQ17*K17) -> - | AS17: =K17*AL17 -> 0 | AT17: =K17*AM17 -> 0 | AU17: =K17*AO17 -> 0
F18: Detailed | I18: =IF($H$16=Assumptions!$J$6,H18*60,IF($H$16=Assumptions!$J$7,H18*3600,H18)) -> 0 | M18: =IF(J18>0,L18*I18/J18/3600,0) -> 0 | P18: =IF(J18>0,(N18*O18)*I18/J18/3600,0) -> 0 | T18: =IF(F18=Assumptions!$I$6,Q18,SUM(M18+P18+Q18+S18)) -> 0 | V18: =T18*U18 -> 0 | X18: =IF(W18=0,"-",W18/Y18) -> - | Y18: =SUM(T18+V18+W18) -> 0 | Z18: =IF(Y18=0,"-",Y18*K18) -> - | AA18: =M18*K18 -> 0 | AB18: =P18*K18 -> 0 | AC18: =IF(F18=Assumptions!$I$5,Q18*K18,0) -> 0 | AD18: =IF(F18=Assumptions!$I$6,Q18*K18,0) -> 0 | AE18: =S18*K18 -> 0 | AF18: =AA18+AC18+AE18 -> 0 | AG18: =V18*K18 -> 0 | AH18: =W18*K18 -> 0 | AI18: =$G$14&": "&G18*100&" %"&" "&$R$14&": "&R18 -> Utilization ratio (only for info.): 0 % Manufacturing lot size (only for info.): | AL18: =IF(J18>0,AK18*I18/J18/3600,0) -> 0 | AN18: =IF(F18=Assumptions!$I$6,AM18,AL18) -> 0 | AP18: =IF(AO18=0,"-",AO18/AQ18) -> - | AQ18: =SUM(AN18+AO18) -> 0 | AR18: =IF(AQ18=0,"-",AQ18*K18) -> - | AS18: =K18*AL18 -> 0 | AT18: =K18*AM18 -> 0 | AU18: =K18*AO18 -> 0
F19: Detailed | I19: =IF($H$16=Assumptions!$J$6,H19*60,IF($H$16=Assumptions!$J$7,H19*3600,H19)) -> 0 | M19: =IF(J19>0,L19*I19/J19/3600,0) -> 0 | P19: =IF(J19>0,(N19*O19)*I19/J19/3600,0) -> 0 | T19: =IF(F19=Assumptions!$I$6,Q19,SUM(M19+P19+Q19+S19)) -> 0 | V19: =T19*U19 -> 0 | X19: =IF(W19=0,"-",W19/Y19) -> - | Y19: =SUM(T19+V19+W19) -> 0 | Z19: =IF(Y19=0,"-",Y19*K19) -> - | AA19: =M19*K19 -> 0 | AB19: =P19*K19 -> 0 | AC19: =IF(F19=Assumptions!$I$5,Q19*K19,0) -> 0 | AD19: =IF(F19=Assumptions!$I$6,Q19*K19,0) -> 0 | AE19: =S19*K19 -> 0 | AF19: =AA19+AC19+AE19 -> 0 | AG19: =V19*K19 -> 0 | AH19: =W19*K19 -> 0 | AI19: =$G$14&": "&G19*100&" %"&" "&$R$14&": "&R19 -> Utilization ratio (only for info.): 0 % Manufacturing lot size (only for info.): | AL19: =IF(J19>0,AK19*I19/J19/3600,0) -> 0 | AN19: =IF(F19=Assumptions!$I$6,AM19,AL19) -> 0 | AP19: =IF(AO19=0,"-",AO19/AQ19) -> - | AQ19: =SUM(AN19+AO19) -> 0 | AR19: =IF(AQ19=0,"-",AQ19*K19) -> - | AS19: =K19*AL19 -> 0 | AT19: =K19*AM19 -> 0 | AU19: =K19*AO19 -> 0
F20: Detailed | I20: =IF($H$16=Assumptions!$J$6,H20*60,IF($H$16=Assumptions!$J$7,H20*3600,H20)) -> 0 | M20: =IF(J20>0,L20*I20/J20/3600,0) -> 0 | P20: =IF(J20>0,(N20*O20)*I20/J20/3600,0) -> 0 | T20: =IF(F20=Assumptions!$I$6,Q20,SUM(M20+P20+Q20+S20)) -> 0 | V20: =T20*U20 -> 0 | X20: =IF(W20=0,"-",W20/Y20) -> - | Y20: =SUM(T20+V20+W20) -> 0 | Z20: =IF(Y20=0,"-",Y20*K20) -> - | AA20: =M20*K20 -> 0 | AB20: =P20*K20 -> 0 | AC20: =IF(F20=Assumptions!$I$5,Q20*K20,0) -> 0 | AD20: =IF(F20=Assumptions!$I$6,Q20*K20,0) -> 0 | AE20: =S20*K20 -> 0 | AF20: =AA20+AC20+AE20 -> 0 | AG20: =V20*K20 -> 0 | AH20: =W20*K20 -> 0 | AI20: =$G$14&": "&G20*100&" %"&" "&$R$14&": "&R20 -> Utilization ratio (only for info.): 0 % Manufacturing lot size (only for info.): | AL20: =IF(J20>0,AK20*I20/J20/3600,0) -> 0 | AN20: =IF(F20=Assumptions!$I$6,AM20,AL20) -> 0 | AP20: =IF(AO20=0,"-",AO20/AQ20) -> - | AQ20: =SUM(AN20+AO20) -> 0 | AR20: =IF(AQ20=0,"-",AQ20*K20) -> - | AS20: =K20*AL20 -> 0 | AT20: =K20*AM20 -> 0 | AU20: =K20*AO20 -> 0
F21: Detailed | I21: =IF($H$16=Assumptions!$J$6,H21*60,IF($H$16=Assumptions!$J$7,H21*3600,H21)) -> 0 | M21: =IF(J21>0,L21*I21/J21/3600,0) -> 0 | P21: =IF(J21>0,(N21*O21)*I21/J21/3600,0) -> 0 | T21: =IF(F21=Assumptions!$I$6,Q21,SUM(M21+P21+Q21+S21)) -> 0 | V21: =T21*U21 -> 0 | X21: =IF(W21=0,"-",W21/Y21) -> - | Y21: =SUM(T21+V21+W21) -> 0 | Z21: =IF(Y21=0,"-",Y21*K21) -> - | AA21: =M21*K21 -> 0 | AB21: =P21*K21 -> 0 | AC21: =IF(F21=Assumptions!$I$5,Q21*K21,0) -> 0 | AD21: =IF(F21=Assumptions!$I$6,Q21*K21,0) -> 0 | AE21: =S21*K21 -> 0 | AF21: =AA21+AC21+AE21 -> 0 | AG21: =V21*K21 -> 0 | AH21: =W21*K21 -> 0 | AI21: =$G$14&": "&G21*100&" %"&" "&$R$14&": "&R21 -> Utilization ratio (only for info.): 0 % Manufacturing lot size (only for info.): | AL21: =IF(J21>0,AK21*I21/J21/3600,0) -> 0 | AN21: =IF(F21=Assumptions!$I$6,AM21,AL21) -> 0 | AP21: =IF(AO21=0,"-",AO21/AQ21) -> - | AQ21: =SUM(AN21+AO21) -> 0 | AR21: =IF(AQ21=0,"-",AQ21*K21) -> - | AS21: =K21*AL21 -> 0 | AT21: =K21*AM21 -> 0 | AU21: =K21*AO21 -> 0
F22: Detailed | I22: =IF($H$16=Assumptions!$J$6,H22*60,IF($H$16=Assumptions!$J$7,H22*3600,H22)) -> 0 | M22: =IF(J22>0,L22*I22/J22/3600,0) -> 0 | P22: =IF(J22>0,(N22*O22)*I22/J22/3600,0) -> 0 | T22: =IF(F22=Assumptions!$I$6,Q22,SUM(M22+P22+Q22+S22)) -> 0 | V22: =T22*U22 -> 0 | X22: =IF(W22=0,"-",W22/Y22) -> - | Y22: =SUM(T22+V22+W22) -> 0 | Z22: =IF(Y22=0,"-",Y22*K22) -> - | AA22: =M22*K22 -> 0 | AB22: =P22*K22 -> 0 | AC22: =IF(F22=Assumptions!$I$5,Q22*K22,0) -> 0 | AD22: =IF(F22=Assumptions!$I$6,Q22*K22,0) -> 0 | AE22: =S22*K22 -> 0 | AF22: =AA22+AC22+AE22 -> 0 | AG22: =V22*K22 -> 0 | AH22: =W22*K22 -> 0 | AI22: =$G$14&": "&G22*100&" %"&" "&$R$14&": "&R22 -> Utilization ratio (only for info.): 0 % Manufacturing lot size (only for info.): | AL22: =IF(J22>0,AK22*I22/J22/3600,0) -> 0 | AN22: =IF(F22=Assumptions!$I$6,AM22,AL22) -> 0 | AP22: =IF(AO22=0,"-",AO22/AQ22) -> - | AQ22: =SUM(AN22+AO22) -> 0 | AR22: =IF(AQ22=0,"-",AQ22*K22) -> - | AS22: =K22*AL22 -> 0 | AT22: =K22*AM22 -> 0 | AU22: =K22*AO22 -> 0
F23: Detailed | I23: =IF($H$16=Assumptions!$J$6,H23*60,IF($H$16=Assumptions!$J$7,H23*3600,H23)) -> 0 | M23: =IF(J23>0,L23*I23/J23/3600,0) -> 0 | P23: =IF(J23>0,(N23*O23)*I23/J23/3600,0) -> 0 | T23: =IF(F23=Assumptions!$I$6,Q23,SUM(M23+P23+Q23+S23)) -> 0 | V23: =T23*U23 -> 0 | X23: =IF(W23=0,"-",W23/Y23) -> - | Y23: =SUM(T23+V23+W23) -> 0 | Z23: =IF(Y23=0,"-",Y23*K23) -> - | AA23: =M23*K23 -> 0 | AB23: =P23*K23 -> 0 | AC23: =IF(F23=Assumptions!$I$5,Q23*K23,0) -> 0 | AD23: =IF(F23=Assumptions!$I$6,Q23*K23,0) -> 0 | AE23: =S23*K23 -> 0 | AF23: =AA23+AC23+AE23 -> 0 | AG23: =V23*K23 -> 0 | AH23: =W23*K23 -> 0 | AI23: =$G$14&": "&G23*100&" %"&" "&$R$14&": "&R23 -> Utilization ratio (only for info.): 0 % Manufacturing lot size (only for info.): | AL23: =IF(J23>0,AK23*I23/J23/3600,0) -> 0 | AN23: =IF(F23=Assumptions!$I$6,AM23,AL23) -> 0 | AP23: =IF(AO23=0,"-",AO23/AQ23) -> - | AQ23: =SUM(AN23+AO23) -> 0 | AR23: =IF(AQ23=0,"-",AQ23*K23) -> - | AS23: =K23*AL23 -> 0 | AT23: =K23*AM23 -> 0 | AU23: =K23*AO23 -> 0
F24: Detailed | I24: =IF($H$16=Assumptions!$J$6,H24*60,IF($H$16=Assumptions!$J$7,H24*3600,H24)) -> 0 | M24: =IF(J24>0,L24*I24/J24/3600,0) -> 0 | P24: =IF(J24>0,(N24*O24)*I24/J24/3600,0) -> 0 | T24: =IF(F24=Assumptions!$I$6,Q24,SUM(M24+P24+Q24+S24)) -> 0 | V24: =T24*U24 -> 0 | X24: =IF(W24=0,"-",W24/Y24) -> - | Y24: =SUM(T24+V24+W24) -> 0 | Z24: =IF(Y24=0,"-",Y24*K24) -> - | AA24: =M24*K24 -> 0 | AB24: =P24*K24 -> 0 | AC24: =IF(F24=Assumptions!$I$5,Q24*K24,0) -> 0 | AD24: =IF(F24=Assumptions!$I$6,Q24*K24,0) -> 0 | AE24: =S24*K24 -> 0 | AF24: =AA24+AC24+AE24 -> 0 | AG24: =V24*K24 -> 0 | AH24: =W24*K24 -> 0 | AI24: =$G$14&": "&G24*100&" %"&" "&$R$14&": "&R24 -> Utilization ratio (only for info.): 0 % Manufacturing lot size (only for info.): | AL24: =IF(J24>0,AK24*I24/J24/3600,0) -> 0 | AN24: =IF(F24=Assumptions!$I$6,AM24,AL24) -> 0 | AP24: =IF(AO24=0,"-",AO24/AQ24) -> - | AQ24: =SUM(AN24+AO24) -> 0 | AR24: =IF(AQ24=0,"-",AQ24*K24) -> - | AS24: =K24*AL24 -> 0 | AT24: =K24*AM24 -> 0 | AU24: =K24*AO24 -> 0
F25: Detailed | I25: =IF($H$16=Assumptions!$J$6,H25*60,IF($H$16=Assumptions!$J$7,H25*3600,H25)) -> 0 | M25: =IF(J25>0,L25*I25/J25/3600,0) -> 0 | P25: =IF(J25>0,(N25*O25)*I25/J25/3600,0) -> 0 | T25: =IF(F25=Assumptions!$I$6,Q25,SUM(M25+P25+Q25+S25)) -> 0 | V25: =T25*U25 -> 0 | X25: =IF(W25=0,"-",W25/Y25) -> - | Y25: =SUM(T25+V25+W25) -> 0 | Z25: =IF(Y25=0,"-",Y25*K25) -> - | AA25: =M25*K25 -> 0 | AB25: =P25*K25 -> 0 | AC25: =IF(F25=Assumptions!$I$5,Q25*K25,0) -> 0 | AD25: =IF(F25=Assumptions!$I$6,Q25*K25,0) -> 0 | AE25: =S25*K25 -> 0 | AF25: =AA25+AC25+AE25 -> 0 | AG25: =V25*K25 -> 0 | AH25: =W25*K25 -> 0 | AI25: =$G$14&": "&G25*100&" %"&" "&$R$14&": "&R25 -> Utilization ratio (only for info.): 0 % Manufacturing lot size (only for info.): | AL25: =IF(J25>0,AK25*I25/J25/3600,0) -> 0 | AN25: =IF(F25=Assumptions!$I$6,AM25,AL25) -> 0 | AP25: =IF(AO25=0,"-",AO25/AQ25) -> - | AQ25: =SUM(AN25+AO25) -> 0 | AR25: =IF(AQ25=0,"-",AQ25*K25) -> - | AS25: =K25*AL25 -> 0 | AT25: =K25*AM25 -> 0 | AU25: =K25*AO25 -> 0
F26: Detailed | I26: =IF($H$16=Assumptions!$J$6,H26*60,IF($H$16=Assumptions!$J$7,H26*3600,H26)) -> 0 | M26: =IF(J26>0,L26*I26/J26/3600,0) -> 0 | P26: =IF(J26>0,(N26*O26)*I26/J26/3600,0) -> 0 | T26: =IF(F26=Assumptions!$I$6,Q26,SUM(M26+P26+Q26+S26)) -> 0 | V26: =T26*U26 -> 0 | X26: =IF(W26=0,"-",W26/Y26) -> - | Y26: =SUM(T26+V26+W26) -> 0 | Z26: =IF(Y26=0,"-",Y26*K26) -> - | AA26: =M26*K26 -> 0 | AB26: =P26*K26 -> 0 | AC26: =IF(F26=Assumptions!$I$5,Q26*K26,0) -> 0 | AD26: =IF(F26=Assumptions!$I$6,Q26*K26,0) -> 0 | AE26: =S26*K26 -> 0 | AF26: =AA26+AC26+AE26 -> 0 | AG26: =V26*K26 -> 0 | AH26: =W26*K26 -> 0 | AI26: =$G$14&": "&G26*100&" %"&" "&$R$14&": "&R26 -> Utilization ratio (only for info.): 0 % Manufacturing lot size (only for info.): | AL26: =IF(J26>0,AK26*I26/J26/3600,0) -> 0 | AN26: =IF(F26=Assumptions!$I$6,AM26,AL26) -> 0 | AP26: =IF(AO26=0,"-",AO26/AQ26) -> - | AQ26: =SUM(AN26+AO26) -> 0 | AR26: =IF(AQ26=0,"-",AQ26*K26) -> - | AS26: =K26*AL26 -> 0 | AT26: =K26*AM26 -> 0 | AU26: =K26*AO26 -> 0
F27: Detailed | I27: =IF($H$16=Assumptions!$J$6,H27*60,IF($H$16=Assumptions!$J$7,H27*3600,H27)) -> 0 | M27: =IF(J27>0,L27*I27/J27/3600,0) -> 0 | P27: =IF(J27>0,(N27*O27)*I27/J27/3600,0) -> 0 | T27: =IF(F27=Assumptions!$I$6,Q27,SUM(M27+P27+Q27+S27)) -> 0 | V27: =T27*U27 -> 0 | X27: =IF(W27=0,"-",W27/Y27) -> - | Y27: =SUM(T27+V27+W27) -> 0 | Z27: =IF(Y27=0,"-",Y27*K27) -> - | AA27: =M27*K27 -> 0 | AB27: =P27*K27 -> 0 | AC27: =IF(F27=Assumptions!$I$5,Q27*K27,0) -> 0 | AD27: =IF(F27=Assumptions!$I$6,Q27*K27,0) -> 0 | AE27: =S27*K27 -> 0 | AF27: =AA27+AC27+AE27 -> 0 | AG27: =V27*K27 -> 0 | AH27: =W27*K27 -> 0 | AI27: =$G$14&": "&G27*100&" %"&" "&$R$14&": "&R27 -> Utilization ratio (only for info.): 0 % Manufacturing lot size (only for info.): | AL27: =IF(J27>0,AK27*I27/J27/3600,0) -> 0 | AN27: =IF(F27=Assumptions!$I$6,AM27,AL27) -> 0 | AP27: =IF(AO27=0,"-",AO27/AQ27) -> - | AQ27: =SUM(AN27+AO27) -> 0 | AR27: =IF(AQ27=0,"-",AQ27*K27) -> - | AS27: =K27*AL27 -> 0 | AT27: =K27*AM27 -> 0 | AU27: =K27*AO27 -> 0
F28: Detailed | I28: =IF($H$16=Assumptions!$J$6,H28*60,IF($H$16=Assumptions!$J$7,H28*3600,H28)) -> 0 | M28: =IF(J28>0,L28*I28/J28/3600,0) -> 0 | P28: =IF(J28>0,(N28*O28)*I28/J28/3600,0) -> 0 | T28: =IF(F28=Assumptions!$I$6,Q28,SUM(M28+P28+Q28+S28)) -> 0 | V28: =T28*U28 -> 0 | X28: =IF(W28=0,"-",W28/Y28) -> - | Y28: =SUM(T28+V28+W28) -> 0 | Z28: =IF(Y28=0,"-",Y28*K28) -> - | AA28: =M28*K28 -> 0 | AB28: =P28*K28 -> 0 | AC28: =IF(F28=Assumptions!$I$5,Q28*K28,0) -> 0 | AD28: =IF(F28=Assumptions!$I$6,Q28*K28,0) -> 0 | AE28: =S28*K28 -> 0 | AF28: =AA28+AC28+AE28 -> 0 | AG28: =V28*K28 -> 0 | AH28: =W28*K28 -> 0 | AI28: =$G$14&": "&G28*100&" %"&" "&$R$14&": "&R28 -> Utilization ratio (only for info.): 0 % Manufacturing lot size (only for info.): | AL28: =IF(J28>0,AK28*I28/J28/3600,0) -> 0 | AN28: =IF(F28=Assumptions!$I$6,AM28,AL28) -> 0 | AP28: =IF(AO28=0,"-",AO28/AQ28) -> - | AQ28: =SUM(AN28+AO28) -> 0 | AR28: =IF(AQ28=0,"-",AQ28*K28) -> - | AS28: =K28*AL28 -> 0 | AT28: =K28*AM28 -> 0 | AU28: =K28*AO28 -> 0
... F31: Detailed | I31: =IF($H$16=Assumptions!$J$6,H31*60,IF($H$16=Assumptions!$J$7,H31*3600,H31)) -> 0 | M31: =IF(J31>0,L31*I31/J31/3600,0) -> 0 | P31: =IF(J31>0,(N31*O31)*I31/J31/3600,0) -> 0 | T31: =IF(F31=Assumptions!$I$6,Q31,SUM(M31+P31+Q31+S31)) -> 0 | V31: =T31*U31 -> 0 | X31: =IF(W31=0,"-",W31/Y31) -> - | Y31: =SUM(T31+V31+W31) -> 0 | Z31: =IF(Y31=0,"-",Y31*K31) -> - | AA31: =M31*K31 -> 0 | AB31: =P31*K31 -> 0 | AC31: =IF(F31=Assumptions!$I$5,Q31*K31,0) -> 0 | AD31: =IF(F31=Assumptions!$I$6,Q31*K31,0) -> 0 | AE31: =S31*K31 -> 0 | AF31: =AA31+AC31+AE31 -> 0 | AG31: =V31*K31 -> 0 | AH31: =W31*K31 -> 0 | AI31: =$G$14&": "&G31*100&" %"&" "&$R$14&": "&R31 -> Utilization ratio (only for info.): 0 % Manufacturing lot size (only for info.): | AL31: =IF(J31>0,AK31*I31/J31/3600,0) -> 0 | AN31: =IF(F31=Assumptions!$I$6,AM31,AL31) -> 0 | AP31: =IF(AO31=0,"-",AO31/AQ31) -> - | AQ31: =SUM(AN31+AO31) -> 0 | AR31: =IF(AQ31=0,"-",AQ31*K31) -> - | AS31: =K31*AL31 -> 0 | AT31: =K31*AM31 -> 0 | AU31: =K31*AO31 -> 0
F32: Detailed | I32: =IF($H$16=Assumptions!$J$6,H32*60,IF($H$16=Assumptions!$J$7,H32*3600,H32)) -> 0 | M32: =IF(J32>0,L32*I32/J32/3600,0) -> 0 | P32: =IF(J32>0,(N32*O32)*I32/J32/3600,0) -> 0 | T32: =IF(F32=Assumptions!$I$6,Q32,SUM(M32+P32+Q32+S32)) -> 0 | V32: =T32*U32 -> 0 | W32: =0%*(T32+V32+0%*(T32+V32)) -> 0 | X32: =IF(W32=0,"-",W32/Y32) -> - | Y32: =SUM(T32+V32+W32) -> 0 | Z32: =IF(Y32=0,"-",Y32*K32) -> - | AA32: =M32*K32 -> 0 | AB32: =P32*K32 -> 0 | AC32: =IF(F32=Assumptions!$I$5,Q32*K32,0) -> 0 | AD32: =IF(F32=Assumptions!$I$6,Q32*K32,0) -> 0 | AE32: =S32*K32 -> 0 | AF32: =AA32+AC32+AE32 -> 0 | AG32: =V32*K32 -> 0 | AH32: =W32*K32 -> 0 | AI32: =$G$14&": "&G32*100&" %"&" "&$R$14&": "&R32 -> Utilization ratio (only for info.): 0 % Manufacturing lot size (only for info.): | AL32: =IF(J32>0,AK32*I32/J32/3600,0) -> 0 | AN32: =IF(F32=Assumptions!$I$6,AM32,AL32) -> 0 | AP32: =IF(AO32=0,"-",AO32/AQ32) -> - | AQ32: =SUM(AN32+AO32) -> 0 | AR32: =IF(AQ32=0,"-",AQ32*K32) -> - | AS32: =K32*AL32 -> 0 | AT32: =K32*AM32 -> 0 | AU32: =K32*AO32 -> 0
B34: Manuf. | D34: For Level 2: calculation quality "Detailed" is mandatory for all in-house manufacturing steps - Machine Hourly rate (contains Utilization ratio) : for each step usage of MHR Tab recommended - Total labor hourly rate (contains Utilization ratio) : usage of LHR Tab recommended | K34: =VLOOKUP("P24",Languages!A:J,VLOOKUP(Summary!X6,Languages!$C$2:$D$10,2,FALSE),FALSE) -> Sums | M34: =VLOOKUP(M13,Languages!A:J,VLOOKUP(Summary!X6,Languages!$C$2:$D$10,2,FALSE),FALSE) -> Machine costs | P34: =VLOOKUP("P25",Languages!A:J,VLOOKUP(Summary!X6,Languages!$C$2:$D$10,2,FALSE),FALSE) -> Labor | Q34: =VLOOKUP("P26",Languages!A:J,VLOOKUP(Summary!X6,Languages!$C$2:$D$10,2,FALSE),FALSE) -> Setup | S34: =VLOOKUP("P27",Languages!A:J,VLOOKUP(Summary!X6,Languages!$C$2:$D$10,2,FALSE),FALSE) -> Tool maint. | U34: =VLOOKUP("P30",Languages!A:J,VLOOKUP(Summary!X6,Languages!$C$2:$D$10,2,FALSE),FALSE) -> Man. OH | W34: =VLOOKUP("P31",Languages!A:J,VLOOKUP(Summary!X6,Languages!$C$2:$D$10,2,FALSE),FALSE) -> Scrap | Z34: =VLOOKUP("P32",Languages!A:J,VLOOKUP(Summary!X6,Languages!$C$2:$D$10,2,FALSE),FALSE) -> Manufacturing costs | AA34: =SUM(AA16:AA32) -> 0 | AB34: =SUM(AB16:AB32) -> 0 | AC34: =SUM(AC16:AC32) -> 0 | AD34: =SUM(AD16:AD32) -> 0 | AE34: =SUM(AE16:AE32) -> 0 | AF34: =SUM(AF16:AF32) -> 0 | AG34: =SUM(AG16:AG32) -> 0 | AH34: =SUM(AH16:AH32) -> 0 | AR34: =VLOOKUP("P40",Languages!A:J,VLOOKUP(Summary!X6,Languages!$C$2:$D$10,2,FALSE),FALSE) -> Total PCF | AS34: =SUM(AS16:AS32) -> 0 | AT34: =SUM(AT16:AT32) -> 0 | AU34: =SUM(AU16:AU32) -> 0
B35: =VLOOKUP("P23",Languages!A:J,VLOOKUP(Summary!X6,Languages!$C$2:$D$10,2,FALSE),FALSE) -> Comments | M35: =SUM(M16:M32) -> 0 | P35: =SUM(P16:P32) -> 0 | Q35: =SUM(Q16:Q32) -> 0 | S35: =SUM(S16:S32) -> 0 | V35: =SUM(V16:V32) -> 0 | W35: =SUM(W16:W32) -> 0 | Z35: =SUM(Z16:Z32) -> 0 | AR35: =SUM(AR16:AR32) -> 0
S36: =M35+Q35 -> 0
S37: =S35+S36 -> 0

Sheet Tools and Devices (16,24)
E3: =Summary!F3 -> BOSCH Material and Process Evaluation (MPE) | L3: =VLOOKUP("f",Languages!A:J,VLOOKUP(Summary!X6,Languages!$C$2:$D$10,2,FALSE),FALSE) -> Tools and Devices
L5: =Summary!W5 -> Version | M5: =Summary!X5 -> 4.1
L6: =Summary!W6 -> Language | M6: =Summary!X6 -> English
E7: =Summary!G7 -> Supplier | G7: =IF(Summary!O7=0,"",Summary!O7) | J7: =VLOOKUP("0.01",Languages!A:J,VLOOKUP(Summary!X6,Languages!$C$2:$D$10,2,FALSE),FALSE) -> Field | K7: =Summary!T7 -> Project | L7: =IF(Summary!V7=0,"",Summary!V7)
E8: =Summary!G8 -> Contact person | G8: =IF(Summary!O8=0,"",Summary!O8) | J8: =VLOOKUP("0.02",Languages!A:J,VLOOKUP(Summary!X6,Languages!$C$2:$D$10,2,FALSE),FALSE) -> Level 1 | K8: =Summary!T8 -> Part number | L8: =IF(Summary!V8=0,"",Summary!V8)
E9: =Summary!G9 -> E-Mail | G9: =IF(Summary!O9=0,"",Summary!O9) | J9: =VLOOKUP("0.03",Languages!A:J,VLOOKUP(Summary!X6,Languages!$C$2:$D$10,2,FALSE),FALSE) -> Level 2 | K9: =Summary!T9 -> Part name | L9: =IF(Summary!V9=0,"",Summary!V9)
E10: =Summary!G10 -> Telephone | G10: =IF(Summary!O10=0,"",Summary!O10) | J10: =VLOOKUP("0.04",Languages!A:J,VLOOKUP(Summary!X6,Languages!$C$2:$D$10,2,FALSE),FALSE) -> calculated | K10: =Summary!T10 -> Quotation date | L10: =IF(Summary!V10=0,"",Summary!V10)
B12: =VLOOKUP("I01",Languages!A:J,VLOOKUP(Summary!X6,Languages!$C$2:$D$10,2,FALSE),FALSE) -> General inputs | G12: =VLOOKUP("I02",Languages!A:J,VLOOKUP(Summary!X6,Languages!$C$2:$D$10,2,FALSE),FALSE) -> Cost inputs | P12: =VLOOKUP("I03",Languages!A:J,VLOOKUP(Summary!X6,Languages!$C$2:$D$10,2,FALSE),FALSE) -> Carbon footprint inputs
B13: =VLOOKUP("I04",Languages!A:J,VLOOKUP(Summary!X6,Languages!$C$2:$D$10,2,FALSE),FALSE) -> Life time quantity: | D13: =Summary!D14*Summary!D15 -> 0
B14: I1 | C14: I2 | D14: I3 | E14: I8 | F14: I12 | G14: I4 | H14: I5 | I14: I6 | J14: I7 | K14: I9 | L14: I10 | M14: I11 | N14: I13 | P14: I20 | Q14: I21
B15: =VLOOKUP("I1",Languages!A:J,VLOOKUP(Summary!X6,Languages!$C$2:$D$10,2,FALSE),FALSE) -> Manufacturing step no. | C15: =VLOOKUP("I2",Languages!A:J,VLOOKUP(Summary!X6,Languages!$C$2:$D$10,2,FALSE),FALSE) -> Designation Tool / Device | D15: =VLOOKUP("I3",Languages!A:J,VLOOKUP(Summary!X6,Languages!$C$2:$D$10,2,FALSE),FALSE) -> Service life in cycles | E15: =VLOOKUP("I8",Languages!A:J,VLOOKUP(Summary!X6,Languages!$C$2:$D$10,2,FALSE),FALSE) -> Number (lifetime) | F15: =VLOOKUP("I12",Languages!A:J,VLOOKUP(Summary!X6,Languages!$C$2:$D$10,2,FALSE),FALSE) -> Usage from P20 Manufacturing (6,7,8,9) | G15: =VLOOKUP("I4",Languages!A:J,VLOOKUP(Summary!X6,Languages!$C$2:$D$10,2,FALSE),FALSE) -> Purchasing currency | H15: =VLOOKUP("I5",Languages!A:J,VLOOKUP(Summary!X6,Languages!$C$2:$D$10,2,FALSE),FALSE) -> Investment in purchasing currency | I15: =VLOOKUP("I6",Languages!A:J,VLOOKUP(Summary!X6,Languages!$C$2:$D$10,2,FALSE),FALSE) -> Rate of exchange (AW/BW) | J15: =VLOOKUP("I7",Languages!A:J,VLOOKUP(Summary!X6,Languages!$C$2:$D$10,2,FALSE),FALSE) -> Investment in quotation currency | K15: =VLOOKUP("I9",Languages!A:J,VLOOKUP(Summary!X6,Languages!$C$2:$D$10,2,FALSE),FALSE) -> Total lifetime investment | L15: =VLOOKUP("I10",Languages!A:J,VLOOKUP(Summary!X6,Languages!$C$2:$D$10,2,FALSE),FALSE) -> One-time payments | M15: =VLOOKUP("I11",Languages!A:J,VLOOKUP(Summary!X6,Languages!$C$2:$D$10,2,FALSE),FALSE) -> Allocated costs | N15: =VLOOKUP("I13",Languages!A:J,VLOOKUP(Summary!X6,Languages!$C$2:$D$10,2,FALSE),FALSE) -> Allocated costs total | P15: =VLOOKUP("I20",Languages!A:J,VLOOKUP(Summary!X6,Languages!$C$2:$D$10,2,FALSE),FALSE) -> Carbon footprint | Q15: =VLOOKUP("I21",Languages!A:J,VLOOKUP(Summary!X6,Languages!$C$2:$D$10,2,FALSE),FALSE) -> Carbon footprint total
J16: =Summary!D18 -> 0 | K16: =Summary!D18 -> 0 | L16: =Summary!D18 -> 0 | M16: =Summary!D18 -> 0 | N16: =Summary!D18 -> 0 | P16: kg Co2e | Q16: kg Co2e
F17: =VLOOKUP(13.5,Languages!A:J,VLOOKUP(Summary!X6,Languages!$C$2:$D$10,2,FALSE),FALSE) -> units | J17: =VLOOKUP(13.3,Languages!A:J,VLOOKUP(Summary!X6,Languages!$C$2:$D$10,2,FALSE),FALSE) -> /unit | M17: =VLOOKUP(13.3,Languages!A:J,VLOOKUP(Summary!X6,Languages!$C$2:$D$10,2,FALSE),FALSE) -> /unit | N17: =VLOOKUP(13.6,Languages!A:J,VLOOKUP(Summary!X6,Languages!$C$2:$D$10,2,FALSE),FALSE) -> /quot. Unit | P17: =VLOOKUP(13.3,Languages!A:J,VLOOKUP(Summary!X6,Languages!$C$2:$D$10,2,FALSE),FALSE) -> /unit | Q17: =VLOOKUP(13.6,Languages!A:J,VLOOKUP(Summary!X6,Languages!$C$2:$D$10,2,FALSE),FALSE) -> /quot. Unit
F18: =IF(ISBLANK(B18),"-",(VLOOKUP(B18,'Manufacturing (6,7,8,9)'!$B$16:$Z$200,10,FALSE))) -> - | J18: =H18*I18 -> 0 | K18: =J18*E18 -> 0 | N18: =IF(ISBLANK(M18),"-",M18*F18) -> - | O18: =$D$15&": "&D18&" "&$G$15&": "&G18&" "&$H$15&": "&H18&" "&$I$15&": "&I18&" "&$J$15&": "&J18&" "&$E$15&": "&E18&" "&$K$15&": "&K18 -> Service life in cycles: Purchasing currency: Investment in purchasing currency: Rate of exchange (AW/BW): Investment in quotation currency: 0 Number (lifetime): Total lifetime investment: 0 | Q18: =IF(ISBLANK(P18),"-",P18*F18) -> -
F19: =IF(ISBLANK(B19),"-",(VLOOKUP(B19,'Manufacturing (6,7,8,9)'!$B$16:$Z$200,10,FALSE))) -> - | J19: =H19*I19 -> 0 | K19: =J19*E19 -> 0 | N19: =IF(ISBLANK(M19),"-",M19*F19) -> - | O19: =$D$15&": "&D19&" "&$G$15&": "&G19&" "&$H$15&": "&H19&" "&$I$15&": "&I19&" "&$J$15&": "&J19&" "&$E$15&": "&E19&" "&$K$15&": "&K19 -> Service life in cycles: Purchasing currency: Investment in purchasing currency: Rate of exchange (AW/BW): Investment in quotation currency: 0 Number (lifetime): Total lifetime investment: 0 | Q19: =IF(ISBLANK(P19),"-",P19*F19) -> -
F20: =IF(ISBLANK(B20),"-",(VLOOKUP(B20,'Manufacturing (6,7,8,9)'!$B$16:$Z$200,10,FALSE))) -> - | J20: =H20*I20 -> 0 | K20: =J20*E20 -> 0 | N20: =IF(ISBLANK(M20),"-",M20*F20) -> - | O20: =$D$15&": "&D20&" "&$G$15&": "&G20&" "&$H$15&": "&H20&" "&$I$15&": "&I20&" "&$J$15&": "&J20&" "&$E$15&": "&E20&" "&$K$15&": "&K20 -> Service life in cycles: Purchasing currency: Investment in purchasing currency: Rate of exchange (AW/BW): Investment in quotation currency: 0 Number (lifetime): Total lifetime investment: 0 | Q20: =IF(ISBLANK(P20),"-",P20*F20) -> -
F21: =IF(ISBLANK(B21),"-",(VLOOKUP(B21,'Manufacturing (6,7,8,9)'!$B$16:$Z$200,10,FALSE))) -> - | J21: =H21*I21 -> 0 | K21: =J21*E21 -> 0 | N21: =IF(ISBLANK(M21),"-",M21*F21) -> - | O21: =$D$15&": "&D21&" "&$G$15&": "&G21&" "&$H$15&": "&H21&" "&$I$15&": "&I21&" "&$J$15&": "&J21&" "&$E$15&": "&E21&" "&$K$15&": "&K21 -> Service life in cycles: Purchasing currency: Investment in purchasing currency: Rate of exchange (AW/BW): Investment in quotation currency: 0 Number (lifetime): Total lifetime investment: 0 | Q21: =IF(ISBLANK(P21),"-",P21*F21) -> -
F22: =IF(ISBLANK(B22),"-",(VLOOKUP(B22,'Manufacturing (6,7,8,9)'!$B$16:$Z$200,10,FALSE))) -> - | J22: =H22*I22 -> 0 | K22: =J22*E22 -> 0 | N22: =IF(ISBLANK(M22),"-",M22*F22) -> - | O22: =$D$15&": "&D22&" "&$G$15&": "&G22&" "&$H$15&": "&H22&" "&$I$15&": "&I22&" "&$J$15&": "&J22&" "&$E$15&": "&E22&" "&$K$15&": "&K22 -> Service life in cycles: Purchasing currency: Investment in purchasing currency: Rate of exchange (AW/BW): Investment in quotation currency: 0 Number (lifetime): Total lifetime investment: 0 | Q22: =IF(ISBLANK(P22),"-",P22*F22) -> -
F23: =IF(ISBLANK(B23),"-",(VLOOKUP(B23,'Manufacturing (6,7,8,9)'!$B$16:$Z$200,10,FALSE))) -> - | J23: =H23*I23 -> 0 | K23: =J23*E23 -> 0 | N23: =IF(ISBLANK(M23),"-",M23*F23) -> - | O23: =$D$15&": "&D23&" "&$G$15&": "&G23&" "&$H$15&": "&H23&" "&$I$15&": "&I23&" "&$J$15&": "&J23&" "&$E$15&": "&E23&" "&$K$15&": "&K23 -> Service life in cycles: Purchasing currency: Investment in purchasing currency: Rate of exchange (AW/BW): Investment in quotation currency: 0 Number (lifetime): Total lifetime investment: 0 | Q23: =IF(ISBLANK(P23),"-",P23*F23) -> -
F24: =IF(ISBLANK(B24),"-",(VLOOKUP(B24,'Manufacturing (6,7,8,9)'!$B$16:$Z$200,10,FALSE))) -> - | J24: =H24*I24 -> 0 | K24: =J24*E24 -> 0 | N24: =IF(ISBLANK(M24),"-",M24*F24) -> - | O24: =$D$15&": "&D24&" "&$G$15&": "&G24&" "&$H$15&": "&H24&" "&$I$15&": "&I24&" "&$J$15&": "&J24&" "&$E$15&": "&E24&" "&$K$15&": "&K24 -> Service life in cycles: Purchasing currency: Investment in purchasing currency: Rate of exchange (AW/BW): Investment in quotation currency: 0 Number (lifetime): Total lifetime investment: 0 | Q24: =IF(ISBLANK(P24),"-",P24*F24) -> -
F25: =IF(ISBLANK(B25),"-",(VLOOKUP(B25,'Manufacturing (6,7,8,9)'!$B$16:$Z$200,10,FALSE))) -> - | J25: =H25*I25 -> 0 | K25: =J25*E25 -> 0 | N25: =IF(ISBLANK(M25),"-",M25*F25) -> - | O25: =$D$15&": "&D25&" "&$G$15&": "&G25&" "&$H$15&": "&H25&" "&$I$15&": "&I25&" "&$J$15&": "&J25&" "&$E$15&": "&E25&" "&$K$15&": "&K25 -> Service life in cycles: Purchasing currency: Investment in purchasing currency: Rate of exchange (AW/BW): Investment in quotation currency: 0 Number (lifetime): Total lifetime investment: 0 | Q25: =IF(ISBLANK(P25),"-",P25*F25) -> -
F26: =IF(ISBLANK(B26),"-",(VLOOKUP(B26,'Manufacturing (6,7,8,9)'!$B$16:$Z$200,10,FALSE))) -> - | J26: =H26*I26 -> 0 | K26: =J26*E26 -> 0 | N26: =IF(ISBLANK(M26),"-",M26*F26) -> - | O26: =$D$15&": "&D26&" "&$G$15&": "&G26&" "&$H$15&": "&H26&" "&$I$15&": "&I26&" "&$J$15&": "&J26&" "&$E$15&": "&E26&" "&$K$15&": "&K26 -> Service life in cycles: Purchasing currency: Investment in purchasing currency: Rate of exchange (AW/BW): Investment in quotation currency: 0 Number (lifetime): Total lifetime investment: 0 | Q26: =IF(ISBLANK(P26),"-",P26*F26) -> -
F27: =IF(ISBLANK(B27),"-",(VLOOKUP(B27,'Manufacturing (6,7,8,9)'!$B$16:$Z$200,10,FALSE))) -> - | J27: =H27*I27 -> 0 | K27: =J27*E27 -> 0 | N27: =IF(ISBLANK(M27),"-",M27*F27) -> - | O27: =$D$15&": "&D27&" "&$G$15&": "&G27&" "&$H$15&": "&H27&" "&$I$15&": "&I27&" "&$J$15&": "&J27&" "&$E$15&": "&E27&" "&$K$15&": "&K27 -> Service life in cycles: Purchasing currency: Investment in purchasing currency: Rate of exchange (AW/BW): Investment in quotation currency: 0 Number (lifetime): Total lifetime investment: 0 | Q27: =IF(ISBLANK(P27),"-",P27*F27) -> -
F28: =IF(ISBLANK(B28),"-",(VLOOKUP(B28,'Manufacturing (6,7,8,9)'!$B$16:$Z$200,10,FALSE))) -> - | J28: =H28*I28 -> 0 | K28: =J28*E28 -> 0 | N28: =IF(ISBLANK(M28),"-",M28*F28) -> - | O28: =$D$15&": "&D28&" "&$G$15&": "&G28&" "&$H$15&": "&H28&" "&$I$15&": "&I28&" "&$J$15&": "&J28&" "&$E$15&": "&E28&" "&$K$15&": "&K28 -> Service life in cycles: Purchasing currency: Investment in purchasing currency: Rate of exchange (AW/BW): Investment in quotation currency: 0 Number (lifetime): Total lifetime investment: 0 | Q28: =IF(ISBLANK(P28),"-",P28*F28) -> -
F29: =IF(ISBLANK(B29),"-",(VLOOKUP(B29,'Manufacturing (6,7,8,9)'!$B$16:$Z$200,10,FALSE))) -> - | J29: =H29*I29 -> 0 | K29: =J29*E29 -> 0 | N29: =IF(ISBLANK(M29),"-",M29*F29) -> - | O29: =$D$15&": "&D29&" "&$G$15&": "&G29&" "&$H$15&": "&H29&" "&$I$15&": "&I29&" "&$J$15&": "&J29&" "&$E$15&": "&E29&" "&$K$15&": "&K29 -> Service life in cycles: Purchasing currency: Investment in purchasing currency: Rate of exchange (AW/BW): Investment in quotation currency: 0 Number (lifetime): Total lifetime investment: 0 | Q29: =IF(ISBLANK(P29),"-",P29*F29) -> -
... F34: =IF(ISBLANK(B34),"-",(VLOOKUP(B34,'Manufacturing (6,7,8,9)'!$B$16:$Z$200,10,FALSE))) -> - | J34: =H34*I34 -> 0 | K34: =J34*E34 -> 0 | N34: =IF(ISBLANK(M34),"-",M34*F34) -> - | O34: =$D$15&": "&D34&" "&$G$15&": "&G34&" "&$H$15&": "&H34&" "&$I$15&": "&I34&" "&$J$15&": "&J34&" "&$E$15&": "&E34&" "&$K$15&": "&K34 -> Service life in cycles: Purchasing currency: Investment in purchasing currency: Rate of exchange (AW/BW): Investment in quotation currency: 0 Number (lifetime): Total lifetime investment: 0 | Q34: =IF(ISBLANK(P34),"-",P34*F34) -> -
A36: Ende | B36: Tools | G36: =VLOOKUP("I15",Languages!A:J,VLOOKUP(Summary!X6,Languages!$C$2:$D$10,2,FALSE),FALSE) -> Sums | K36: =VLOOKUP("I16",Languages!A:J,VLOOKUP(Summary!X6,Languages!$C$2:$D$10,2,FALSE),FALSE) -> Total inv. | L36: =VLOOKUP("I17",Languages!A:J,VLOOKUP(Summary!X6,Languages!$C$2:$D$10,2,FALSE),FALSE) -> One-Time | M36: =VLOOKUP("I18",Languages!A:J,VLOOKUP(Summary!X6,Languages!$C$2:$D$10,2,FALSE),FALSE) -> Allocated | N36: =VLOOKUP("I19",Languages!A:J,VLOOKUP(Summary!X6,Languages!$C$2:$D$10,2,FALSE),FALSE) -> Allocated total | P36: =VLOOKUP("I22",Languages!A:J,VLOOKUP(Summary!X6,Languages!$C$2:$D$10,2,FALSE),FALSE) -> CF | Q36: =VLOOKUP("I23",Languages!A:J,VLOOKUP(Summary!X6,Languages!$C$2:$D$10,2,FALSE),FALSE) -> CF total
B37: =VLOOKUP("I14",Languages!A:J,VLOOKUP(Summary!X6,Languages!$C$2:$D$10,2,FALSE),FALSE) -> Comments | K37: =SUM(K16:K34) -> 0 | L37: =SUM(L16:L34) -> 0 | M37: =SUM(M17:M34) -> 0 | N37: =SUM(N17:N34) -> 0 | P37: =SUM(P17:P34) -> 0 | Q37: =SUM(Q17:Q34) -> 0

Sheet Languages
B1: Select the wording in the Summary Sheet (top right) --> | C1: Wording:
C2: English | D2: 2
C3: German | D3: 3
C4: Svenska | D4: 4
C5: Français | D5: 5
C6: Español | D6: 6
C7: Russian | D7: 7
C8: Chinese （简体中文） | D8: 8
D9: 9
D10: 10
B12: Here you can enter specific languages or adjust existing languages
B13: =C2 -> English | C13: German | D13: =C4 -> Svenska | E13: =C5 -> Français | F13: =C6 -> Español | G13: =C7 -> Russian | H13: =C8 -> Chinese （简体中文） | I13: =C9 -> 0 | J13: =C10 -> 0
A14: a | B14: BOSCH Material and Process Evaluation (MPE) | C14: BOSCH Material and Process Evaluation (MPE) | D14: BOSCH Material and Process Evaluation (MPE) | E14: BOSCH Material and Process Evaluation (MPE) | F14: BOSCH Material and Process Evaluation (MPE) | G14: BOSCH Material and Process Evaluation (MPE) | H14: BOSCH Material and Process Evaluation (MPE)
A15: b | B15: Summary | C15: Zusammenfassung | D15: Summering | E15: Sommaire | F15: Resumen | G15: Итог | H15: 总结
A16: c | B16: Material | C16: Material | D16: Material | E16: Matière | F16: Material | G16: Материал | H16: 材料
A17: d | B17: Manufacturing | C17: Fertigung | D17: Tillverkning | E17: Fabrication | F17: Proceso de fabricación | G17: Изготовление | H17: 制造加工
A18: e | B18: Machine-hour rate | C18: Maschinenstundensatz | D18: Maskintimkostnad | E18: Taux horaire machine | F18: Tarifa de Maquina | G18: Стоимость машино-часа | H18: 机器小时费率
A19: f | B19: Tools and Devices | C19: Werkzeuge und Vorrichtungen | D19: Verktyg och utrustningar | E19: Outillage et équipements | F19: Utillajes, Moldes y herramientas | G19: Инвестиции в инструмент и оснастку | H19: 模具和设备
A20: g | B20: Wording | C20: Wortlaut | D20: Formulering | E20: Langue | F20: Idioma | G20: Формулировки | H20: 表达式
B22: Summary | C22: Material (1,2,3) | D22: Manufacturing (6,7,8,9) | E22: Tools and Devices (16,24) | F22: MHR | G22: Help
B23: =C2 -> English | C23: =C3 -> German | D23: =C4 -> Svenska | E23: =C5 -> Français | F23: =C6 -> Español | G23: =C7 -> Russian | H23: =C8 -> Chinese （简体中文） | I23: =C9 -> 0 | J23: =C10 -> 0
A24: 0.01 | B24: Field | C24: Feld | D24: Fält | E24: Champs | F24: Celda | G24: Поле | H24: 领域
A25: 0.02 | B25: Level 1 | C25: Level 1 | D25: Level 1 | E25: Level 1 | F25: Level 1 | G25: Level 1 | H25: Level 1
A26: 0.03 | B26: Level 2 | C26: Level 2 | D26: Level 2 | E26: Level 2 | F26: Level 2 | G26: Level 2 | H26: Level 2
A27: 0.04 | B27: calculated | C27: kalkuliert | D27: Beräknad | E27: Calculé | F27: Calculado | G27: Рассчитано | H27: 计算的
A28: 0.1 | B28: Supplier | C28: Lieferant | D28: Leverantör | E28: Fournisseur | F28: Proveedor | G28: Поставщик | H28: 供应商
A29: 0.2 | B29: Contact person | C29: Kontaktperson | D29: Kontakt person | E29: personne à contacter | F29: Persona a contactar | G29: Контактное лицо | H29: 联系人
A30: 0.3 | B30: E-Mail | C30: E-Mail | D30: E-Mail | E30: E-mail | F30: E-Mail | G30: E-mail | H30: 电子邮件
A31: 0.4 | B31: Telephone | C31: Telefon | D31: Telefon | E31: Téléphone | F31: Teléfono | G31: Телефон | H31: 电话
A32: 0.5 | B32: Project | C32: Projekt | D32: Projekt | E32: Projet | F32: Proyecto | G32: Проект | H32: 项目
A33: 0.6 | B33: Part number | C33: Sachnummer | D33: Artikel nummer | E33: Référence pièce | F33: Número de parte/pieza | G33: Номер изделия | H33: 部件号
A34: 0.7 | B34: Part name | C34: Teilename | D34: Artikel namn | E34: Designation pièce | F34: Nombre de parte/pieza | G34: Наименование изделия | H34: 部件名
A35: 0.8 | B35: Quotation date | C35: Angebotsdatum | D35: Offert Datum | E35: Date du chiffrage | F35: Fecha de la cotización | G35: Дата запроса | H35: 报价日期
... A44: 0.16 | B44: Specific | C44: Spezifisch | D44: Specifik | E44: Spécifique | F44: Específico | G44: Прочее | H44: 特性
A45: 0.17
A46: 0.18
A47: 0.19
A48: 0.20
A49: 0.21
A50: 0.22
A51: 0.23 | B51: Special agreements | C51: Spezielle Vereinbarungen | D51: Unika förutsättningar eller avtal | E51: Accords spéciaux | F51: Acuerdos especiales | G51: Особые договоренности | H51: 特殊协议
A52: 0.24 | B52: Comments: | C52: Kommentar: | D52: Kommentarer | E52: Commentaires | F52: Comentarios | G52: Комментарии | H52: 注解：
A53: 0.25 | B53: Fraction | C53: Anteil | D53: Del | E53: Fraction | F53: Fracción | G53: Доля | H53: 部分
A54: 1 | B54: Raw materials | C54: Rohmaterialien | D54: Råmaterial | E54: Matière première | F54: Materia prima | G54: Сырье | H54: 原材料
A55: 2 | B55: Purchased parts | C55: Kaufteile | D55: Köpta artiklar | E55: Pièces achetées | F55: Partes/piezas compradas | G55: Покупные изделия | H55: 采购零件
A56: 3 | B56: Direct material | C56: Materialeinzelkosten | D56: Direkt Materialkostnad | E56: Coûts de lancement / Coûts | F56: Costes Directos de Material | G56: Прямые затраты на материалы | H56: 直接材料成本
A57: 4 | B57: Material scrap | C57: Materialausschuss | D57: Kassationskostnad | E57: Déchets sur achat | F57: Deshecho, chatarra | G57: Отходы материалов включены | H57: 报废材料
A58: 5 | B58: Material overhead | C58: Materialgemeinkosten | D58: Material OH | E58: Frais sur achats | F58: Gastos generales de material (OH) | G58: Накладные расходы на материалы | H58: 物料管理费
A59: 6 | B59: Interest material | C59: Materialzinsen | D59: Räntekostnad material | E59: Intérêts sur matière | F59: Interés del material | G59: Проценты на материал | H59: 材料利息
A60: 7 | B60: Material | C60: Materialkosten | D60: Materialkostnader | E60: Coûts matière | F60: Costes de Material | G60: Затраты на материал | H60: 材料费用
A61: 8 | B61: Machines | C61: Maschinen | D61: Maskiner | E61: Machines | F61: Máquinas | G61: Машины | H61: 机器
A62: 9 | B62: Setup costs | C62: Rüstkosten | D62: Omställningskostnader | E62: Coût de lancement | F62: Coste de montaje/instalación | G62: Стоимость наладки | H62: 设置成本/成本
A63: 10 | B63: Direct labor | C63: Direkter Lohn | D63: Direkt lön | E63: Main d'œuvre directe | F63: Mano de obra | G63: Прямой человеческий труд | H63: 直接劳动
A64: 11 | B64: Tools and devices, maintenance costs | C64: Werkzeuge und Vorrichtungen, Instandhaltungskosten | D64: underhållskostnader | E64: Outils / équipements, coûts de maintenance | F64: Herramientas y dispositivos, costes de mantenimiento | G64: Инструменты и устройства, стоимость обслуживания | H64: 模具和设备维护成本
A65: 12 | B65: Process manufacturing | C65: Prozessfertigungsschritt | D65: Process tillverkningssteg | E65: Process de fabrication | F65: Fabricación por procesos | G65: Процессное производство | H65: 流程制造
... A95: 17 | B95: Total costs | C95: Selbstkosten | D95: Totalkostnad | E95: Coûts totaux | F95: Coste Total | G95: Общие затраты | H95: 总的成本
A96: 18
A97: 18.1 | B97: Raw material | C97: Rohmaterial | D97: Råmaterial | E97: Matière première | F97: Materia prima | G97: Сырье | H97: 原材料
A98: 18.2 | B98: Purchased p. | C98: Kaufteile | D98: Köpta artiklar | E98: Pièce achetée | F98: Parte/pieza comprada | G98: Покупная деталь | H98: 采购
A99: 18.3 | B99: Manuf. | C99: Fertigung | D99: Tillverkning | E99: Fabrication | F99: Fabricación | G99: Изготовление | H99: 制造
A100: 19 | B100: Terms of payment | C100: Zahlungsbedingungen | D100: Ränta betalningstermin | E100: Intérêts sur termes de paiement | F100: Interés / condiciones de pago | G100: Условия платежей | H100: 支付条件
A101: 21 | B101: Quotation price (1) | C101: Angebotspreis (1) | D101: Offert pris (1) | E101: Prix calculé (1) | F101: Precio ofertado (1) | G101: Цена предложения (1) | H101: 报价（1）
A102: 22
A103: 23.1 | B103: One-time and instalment payments | C103: Einmal- und Abschlagszahlungen | D103: Engångsbetalningar | E103: Paiement ponctules et echelonnés | F103: Pagos únicos y cuotas | G103: Единовременные затраты | H103: 一次性和分期付款
A104: 24.2 | B104: rest allocated in 16 | C104: Rest umgelegt in 16 | D104: Allokerat i 16 | E104: Reste alloué en 16 | F104: Resto asignado en 16 | G104: остальное распределено в 16 | H104: 剩余分摊（16项）
A105: 25
A106: 25.1 | B106: Total | C106: Gesamt | D106: Totalt | E106: Total | F106: Total | G106: ИТОГО | H106: 总计
A107: 25.2 | B107: rest allocated in 22 | C107: Rest umgelegt in 22 | D107: Allokerat i 22 | E107: Reste alloué en 22 | F107: Resto asignado en 22 | G107: остальное распределено в 22 | H107: 剩余分摊（22项）
B111: Summary | C111: Material (1,2,3) | D111: Manufacturing (6,7,8,9) | E111: Tools and Devices (16,24) | F111: MHR | G111: Help
B112: Siemens Standard | C112: =C3 -> German | D112: =C4 -> Svenska | E112: =C5 -> Français | F112: =C6 -> Español | G112: =C7 -> Russian | H112: =C8 -> Chinese （简体中文） | I112: =C9 -> 0 | J112: =C10 -> 0
A113: M01 | B113: General inputs | C113: allgemeine Eingaben | D113: allmänna ingångar | E113: entrées générales | F113: entradas generales | G113: общие входы | H113: 一般投入
A114: M02 | B114: Cost inputs | C114: Kosten Eingaben | D114: kostnadsinsatser | E114: coût des intrants | F114: costos de insumos | G114: затраты | H114: 成本投入
A115: M03 | B115: Carbon footprint inputs | C115: CO2 Eingaben | D115: CO2-inmatningar | E115: Entrées de CO2 | F115: Entradas de CO2 | G115: Входы CO2 | H115: 二氧化碳输入
A116: M1 | B116: No. | C116: Nr. | D116: Löp nr. | E116: No. | F116: Número | G116: № | H116: 序号
A117: M2 | B117: Manufacturing step no. | C117: Fertigungsschritt Nr. | D117: Tillverkningssteg Löp nr. | E117: Numéro de l'étape de farbication | F117: Número de procesos de fabricación | G117: Номер этапа | H117: 制造工序号
A118: M3 | B118: Item number | C118: Sachnummer | D118: Artikelnummer | E118: Référence pièce | F118: Número de parte/pieza | G118: Номер изделия | H118: 产品编号
A119: M4 | B119: Part designation | C119: Bauteil Bezeichnung | D119: Delbeteckning | E119: Désignation pièce | F119: Descripción | G119: Наименование материала | H119: 零件命名
A120: M5 | B120: Designation raw material / purchased part | C120: Bezeichnung Rohmaterial / Bauteil | D120: Råmaterialdefinition / Delbeteckning | E120: Désignation matière / pièce | F120: Descripción materia prima / parte(pieza) | G120: Наименование сырья/ покупной детали | H120: 指定原材料
A121: M6 | B121: Material class | C121: Materialklasse | D121: Material typ | E121: Classe matière | F121: Tipo de material | G121: Класс материала | H121: 材料类别
A122: M7 | B122: Supplier | C122: Lieferant | D122: Leverantör | E122: Fournisseur | F122: Proveedor | G122: Поставщик | H122: 供应商
A123: M8 | B123: Unit | C123: Einheit | D123: Enhet | E123: Unité | F123: Unidad | G123: Единица измерения | H123: 单位
A124: M9 | B124: Deployed weight/ quantity | C124: Einsatzgewicht/-einheit | D124: Bruttovikt per artikel | E124: Poids brut quantité | F124: Peso bruto/cantidad | G124: Общая масса | H124: 总交付重量/数量
... A148: M32 | B148: Total material carbon footprint | C148: Ges. Material CO2 | D148: Total material CO2 | E148: Total empreinte carbone de matière | F148: Total huella por emisiones de carbono originadas por materiales | G148: Общие материалы CO2 | H148: 总物质 CO2
B150: Summary | C150: Material (1,2,3) | D150: Manufacturing (6,7,8,9) | E150: Tools and Devices (16,24) | F150: MHR | G150: Help
B151: Siemens Standard | C151: =C3 -> German | D151: =C4 -> Svenska | E151: =C5 -> Français | F151: =C6 -> Español | G151: =C7 -> Russian | H151: =C8 -> Chinese （简体中文） | I151: =C9 -> 0 | J151: =C10 -> 0
A152: P01 | B152: General inputs | C152: allgemeine Eingaben | D152: allmänna ingångar | E152: entrées générales | F152: entradas generales | G152: общие входы | H152: 一般投入
A153: P02 | B153: Cost inputs | C153: Kosten Eingaben | D153: kostnadsinsatser | E153: coût des intrants | F153: costos de insumos | G153: затраты | H153: 成本投入
A154: P03 | B154: Carbon footprint inputs | C154: CO2 Eingaben | D154: CO2-inmatningar | E154: Entrées de CO2 | F154: Entradas de CO2 | G154: Входы CO2 | H154: 二氧化碳输入
A155: P1 | B155: Manufacturing step no. | C155: Fertigungsschritt Nr. | D155: Tillverkningssteg Löp nr. | E155: Numéro de l'étape de farbication | F155: Número de procesos de fabricación | G155: Номер этапа | H155: 制造工序号
A156: P2 | B156: Designation Manufacturing step | C156: Bezeichnung Fertigungsschritt | D156: Beteckning tillverkningsoperation | E156: Description de l'étape de fabrication | F156: Designación de procesos de fabricación | G156: Наименование техпроцесса | H156: 制造工序名称
A157: P3 | B157: Designation facility / machine / type | C157: Bezeichnung Anlage / Maschine / Typ | D157: Beteckning anläggning / maskin / typ | E157: Description atelier / machine / type | F157: Designación de planta/maquinaria/tipo | G157: Наименование станка /типа /оборудования | H157: 设备/机器/类型名称
A158: P4 | B158: Investment facility / machine / type | C158: Investition Anlage / Maschine / Typ | D158: Investering anläggning / maskin / typ | E158: Investissement atelier / machine / type | F158: Inversión de planta/maquinaria/tipo | G158: Инвестиции в оборудование | H158: 投资设备/机器/类型
A159: P5 | B159: Utilization ratio (only for info.) | C159: Nutzungsgrad | D159: Utnyttjandegrad ( endast för information) | E159: Taux d'utilisation (pour information) | F159: Ratio de utilización (sólo para info.) | G159: Коэффициент загрузки | H159: 利用率（仅参考）
A160: P6 | B160: Cycle time | C160: Zykluszeit | D160: Cykel tid | E160: Temps de cycle | F160: Tiempo de ciclo | G160: Время операции | H160: 周期
A161: P6.1 | B161: s | C161: s | D161: sekunder | E161: s | F161: s | G161: s | H161: 秒
A162: P7 | B162: Number of parts per cycle | C162: Anzahl Teile pro Zyklus | D162: Antal artiklar per produktionscykel | E162: Nombre de pièces par cycle | F162: Número de partes/piezas por ciclo | G162: Кол-во изделий за один цикл | H162: 周期生产零件数量
A163: P8 | B163: Machine hourly rate | C163: Maschinenstundensatz | D163: Maskin- timkostnad | E163: Taux machine / heure | F163: Tarifa horaria Maquina | G163: Стоимость машино-часа | H163: 机器小时率
... A196: P40 | B196: Total PCF | C196: Ges. CO2 Herstellung | D196: Total Produktion CO2 | E196: Total CO2 de production | F196: Total CO2 de producción | G196: Общие CO2 производства | H196: 二氧化碳总产量
B198: Summary | C198: Material (1,2,3) | D198: Manufacturing (6,7,8,9) | E198: Tools and Devices (16,24) | F198: MHR | G198: Help
B199: Siemens Standard | C199: =C3 -> German | D199: =C4 -> Svenska | E199: =C5 -> Français | F199: =C6 -> Español | G199: =C7 -> Russian | H199: =C8 -> Chinese （简体中文） | I199: =C9 -> 0 | J199: =C10 -> 0
...

Sheet MHR
H3: =VLOOKUP("a",Languages!A:J,VLOOKUP(Summary!X6,Languages!$C$2:$D$10,2,FALSE),FALSE) -> BOSCH Material and Process Evaluation (MPE) | T3: =VLOOKUP("e",Languages!A:J,VLOOKUP(Summary!X6,Languages!$C$2:$D$10,2,FALSE),FALSE) -> Machine-hour rate
U5: =Summary!W5 -> Version | V5: =Summary!X5 -> 4.1
U6: =Summary!W6 -> Language | V6: =Summary!X6 -> English
H7: =VLOOKUP("H1",Languages!A:J,VLOOKUP(Summary!X6,Languages!$C$2:$D$10,2,FALSE),FALSE) -> Machine-hour rate calculation Only for information Not linked with any worksheet and not considered via import and export! | U7: =VLOOKUP("0.01",Languages!A:J,VLOOKUP(Summary!X6,Languages!$C$2:$D$10,2,FALSE),FALSE) -> Field
U8: =VLOOKUP("0.02",Languages!A:J,VLOOKUP(Summary!X6,Languages!$C$2:$D$10,2,FALSE),FALSE) -> Level 1
U9: =VLOOKUP("0.03",Languages!A:J,VLOOKUP(Summary!X6,Languages!$C$2:$D$10,2,FALSE),FALSE) -> Level 2
U10: =VLOOKUP("0.04",Languages!A:J,VLOOKUP(Summary!X6,Languages!$C$2:$D$10,2,FALSE),FALSE) -> calculated
C12: =VLOOKUP("H2",Languages!A:J,VLOOKUP(Summary!X6,Languages!$C$2:$D$10,2,FALSE),FALSE) -> Machine Basic data
E14: =VLOOKUP("H3",Languages!A:J,VLOOKUP(Summary!X6,Languages!$C$2:$D$10,2,FALSE),FALSE) -> Manufacturer | O14: =VLOOKUP("H6",Languages!A:J,VLOOKUP(Summary!X6,Languages!$C$2:$D$10,2,FALSE),FALSE) -> Machine class
E16: =VLOOKUP("H4",Languages!A:J,VLOOKUP(Summary!X6,Languages!$C$2:$D$10,2,FALSE),FALSE) -> Type designation | O16: =VLOOKUP("H7",Languages!A:J,VLOOKUP(Summary!X6,Languages!$C$2:$D$10,2,FALSE),FALSE) -> Miscellaneous
E18: =VLOOKUP("H5",Languages!A:J,VLOOKUP(Summary!X6,Languages!$C$2:$D$10,2,FALSE),FALSE) -> Category | O18: =VLOOKUP("H8",Languages!A:J,VLOOKUP(Summary!X6,Languages!$C$2:$D$10,2,FALSE),FALSE) -> Miscellaneous
C21: =VLOOKUP("H9",Languages!A:J,VLOOKUP(Summary!X6,Languages!$C$2:$D$10,2,FALSE),FALSE) -> Investment | O21: =VLOOKUP("H17",Languages!A:J,VLOOKUP(Summary!X6,Languages!$C$2:$D$10,2,FALSE),FALSE) -> Capacity factor per year
C23: =VLOOKUP("H10",Languages!A:J,VLOOKUP(Summary!X6,Languages!$C$2:$D$10,2,FALSE),FALSE) -> Aquistion value | M23: =Summary!D18 -> 0 | O23: =VLOOKUP("H18",Languages!A:J,VLOOKUP(Summary!X6,Languages!$C$2:$D$10,2,FALSE),FALSE) -> Production days per year
C25: =VLOOKUP("H11",Languages!A:J,VLOOKUP(Summary!X6,Languages!$C$2:$D$10,2,FALSE),FALSE) -> Installation expenditures | K25: % | L25: =L23*(J25/100) -> 0 | M25: =Summary!D18 -> 0 | O25: =VLOOKUP("H19",Languages!A:J,VLOOKUP(Summary!X6,Languages!$C$2:$D$10,2,FALSE),FALSE) -> Shift per production day
C27: =VLOOKUP("H12",Languages!A:J,VLOOKUP(Summary!X6,Languages!$C$2:$D$10,2,FALSE),FALSE) -> Foundation | K27: % | L27: =L23*(J27/100) -> 0 | M27: =Summary!D18 -> 0 | O27: =VLOOKUP("H20",Languages!A:J,VLOOKUP(Summary!X6,Languages!$C$2:$D$10,2,FALSE),FALSE) -> Production hours per shift
C29: =VLOOKUP("H13",Languages!A:J,VLOOKUP(Summary!X6,Languages!$C$2:$D$10,2,FALSE),FALSE) -> Other expenditures | K29: % | L29: =L23*(J29/100) -> 0 | M29: =Summary!D18 -> 0 | O29: =VLOOKUP("H21",Languages!A:J,VLOOKUP(Summary!X6,Languages!$C$2:$D$10,2,FALSE),FALSE) -> Production hours per year | T29: =T23*T25*T27 -> 0
T30: +
C31: =VLOOKUP("H14",Languages!A:J,VLOOKUP(Summary!X6,Languages!$C$2:$D$10,2,FALSE),FALSE) -> Total Investment | L31: =L23+L25+L27+L29 -> 0 | M31: =Summary!D18 -> 0 | O31: =VLOOKUP("H22",Languages!A:J,VLOOKUP(Summary!X6,Languages!$C$2:$D$10,2,FALSE),FALSE) -> Utilization ratio | U31: %
C33: =VLOOKUP("H15",Languages!A:J,VLOOKUP(Summary!X6,Languages!$C$2:$D$10,2,FALSE),FALSE) -> Residual Value | K33: % | L33: =L31*(J33/100) -> 0 | M33: =Summary!D18 -> 0 | O33: =VLOOKUP("H23",Languages!A:J,VLOOKUP(Summary!X6,Languages!$C$2:$D$10,2,FALSE),FALSE) -> Capacity factor per year | T33: =T29*(T31/100) -> 0 | U33: h
C35: =VLOOKUP("H16",Languages!A:J,VLOOKUP(Summary!X6,Languages!$C$2:$D$10,2,FALSE),FALSE) -> Depreciation sum | L35: =L31-L33 -> 0 | M35: =Summary!D18 -> 0
C38: =VLOOKUP("H24",Languages!A:J,VLOOKUP(Summary!X6,Languages!$C$2:$D$10,2,FALSE),FALSE) -> Fixed Costs
C40: =VLOOKUP("H25",Languages!A:J,VLOOKUP(Summary!X6,Languages!$C$2:$D$10,2,FALSE),FALSE) -> Age of Machine | M40: Years(s)
C42: =VLOOKUP("H26",Languages!A:J,VLOOKUP(Summary!X6,Languages!$C$2:$D$10,2,FALSE),FALSE) -> Imputed depreciation | M42: Years(s) | O42: =IF(L42=0,0,IF(L40>=L42,0,L35/L42)) -> 0 | P42: =Summary!D18 & "/Years(s)" -> /Years(s) | T42: =IF(T33=0,0,O42/T33) -> 0 | U42: =Summary!D18 & "/h" -> /h
C44: =VLOOKUP("H27",Languages!A:J,VLOOKUP(Summary!X6,Languages!$C$2:$D$10,2,FALSE),FALSE) -> Imputed interest rate | M44: % | O44: =IF(L42=0,0,IF(L40>=L42,0,((L31+L33)/2)*(L44/100))) -> 0 | P44: =Summary!D18 & "/Years(s)" -> /Years(s) | T44: =IF(T33=0,0,O44/T33) -> 0 | U44: =Summary!D18 & "/h" -> /h
C46: =VLOOKUP("H28",Languages!A:J,VLOOKUP(Summary!X6,Languages!$C$2:$D$10,2,FALSE),FALSE) -> Required gross area including auxiliary areas | M46: m²
C48: =VLOOKUP("H29",Languages!A:J,VLOOKUP(Summary!X6,Languages!$C$2:$D$10,2,FALSE),FALSE) -> Leasing fee production area | M48: =Summary!D18 & "/(m²month)" -> /(m²month) | O48: =L46*L48*12 -> 0 | P48: =Summary!D18 & "/Years(s)" -> /Years(s) | T48: =IF(T33=0,0,O48/T33) -> 0 | U48: =Summary!D18 & "/h" -> /h
C50: =VLOOKUP("H30",Languages!A:J,VLOOKUP(Summary!X6,Languages!$C$2:$D$10,2,FALSE),FALSE) -> Total fixed costs | O50: =O42+O44+O48 -> 0 | P50: =Summary!D18 & "/Years(s)" -> /Years(s) | T50: =T42+T44+T48 -> 0 | U50: =Summary!D18 & "/h" -> /h
C53: =VLOOKUP("H31",Languages!A:J,VLOOKUP(Summary!X6,Languages!$C$2:$D$10,2,FALSE),FALSE) -> Variable costs
C55: =VLOOKUP("H32",Languages!A:J,VLOOKUP(Summary!X6,Languages!$C$2:$D$10,2,FALSE),FALSE) -> Rated power | M55: kW
C57: =VLOOKUP("H33",Languages!A:J,VLOOKUP(Summary!X6,Languages!$C$2:$D$10,2,FALSE),FALSE) -> Performance capacity utilization | M57: %
C59: =VLOOKUP("H34",Languages!A:J,VLOOKUP(Summary!X6,Languages!$C$2:$D$10,2,FALSE),FALSE) -> Energy costs | M59: =Summary!D18 & "/kWh" -> /kWh | O59: =L55*(L57/100)*L59*T33 -> 0 | P59: =Summary!D18 & "/Years(s)" -> /Years(s) | T59: =IF(T33=0,0,O59/T33) -> 0 | U59: =Summary!D18 & "/h" -> /h
C61: =VLOOKUP("H35",Languages!A:J,VLOOKUP(Summary!X6,Languages!$C$2:$D$10,2,FALSE),FALSE) -> Maintenance cost | M61: % | O61: =L31*(L61/100) -> 0 | P61: =Summary!D18 & "/Years(s)" -> /Years(s) | T61: =IF(T33=0,0,O61/T33) -> 0 | U61: =Summary!D18 & "/h" -> /h
C63: =VLOOKUP("H36",Languages!A:J,VLOOKUP(Summary!X6,Languages!$C$2:$D$10,2,FALSE),FALSE) -> Operation supplies costs | M63: % | O63: =L31*(L63/100) -> 0 | P63: =Summary!D18 & "/Years(s)" -> /Years(s) | T63: =IF(T33=0,0,O63/T33) -> 0 | U63: =Summary!D18 & "/h" -> /h
C65: =VLOOKUP("H37",Languages!A:J,VLOOKUP(Summary!X6,Languages!$C$2:$D$10,2,FALSE),FALSE) -> Total variable costs | O65: =O59+O61+O63 -> 0 | P65: =Summary!D18 & "/Years(s)" -> /Years(s) | T65: =T59+T61+T63 -> 0 | U65: =Summary!D18 & "/h" -> /h
C68: =VLOOKUP("H38",Languages!A:J,VLOOKUP(Summary!X6,Languages!$C$2:$D$10,2,FALSE),FALSE) -> Machine-hour rate
C70: =VLOOKUP("H39",Languages!A:J,VLOOKUP(Summary!X6,Languages!$C$2:$D$10,2,FALSE),FALSE) -> Machine costs per unit of time | O70: =O50+O65 -> 0 | P70: =Summary!D18 & "/Years(s)" -> /Years(s) | T70: =IF(T33=0,0,O70/T33) -> 0 | U70: =Summary!D18 & "/h" -> /h
B74: =VLOOKUP("0.24",Languages!A:J,VLOOKUP(Summary!X6,Languages!$C$2:$D$10,2,FALSE),FALSE) -> Comments:

Sheet LHR
H3: BOSCH Material and Process Evaluation (MPE) | T3: Labor-hourly rate
U5: Version | V5: ver 4.x
U6: Language | V6: English
H7: Labor-hour rate calculation Please duplicate tab for every manufacturing process step Only for information Not linked with any worksheet and not considered via import and export! | U7: Field
U8: Level 1
U9: Level 2
U10: calculated
C12: Labor Basic data
C14: Designation Manufacturing step
C21: Skill level 1
C23: Function
C25: Qualification
C27: Number of direct workers
C29: Gross wage | K29: /h
C31: Labor burden | K31: %
C33: Labor costs | L33: =J29*(100+J31)/100 -> 0 | M33: /h
C35: Labor utilization ratio | K35: %
C37: Labor hourly rate | L37: =IF(J35=0,,L33/J35*100) -> 0 | M37: /h
C40: Skill level 2
C42: Function
C44: Qualification
C46: Number of direct workers
C48: Gross wage | K48: /h
C50: Labor burden | J50: =J31 -> 0 | K50: %
C52: Labor costs | L52: =J48*(100+J50)/100 -> 0 | M52: /h
C54: Labor utilization ratio | J54: =J35 -> 0 | K54: %
C56: Labor hourly rate | L56: =IF(J54=0,,L52/J54*100) -> 0 | M56: /h
C60: Skill level 3
C62: Function
C64: Qualification
C66: Number of direct workers
C68: Gross wage | K68: /h
C70: Labor burden | J70: =J31 -> 0 | K70: %
C72: Labor costs | L72: =J68*(100+J70)/100 -> 0 | M72: /h
C74: Labor utilization ratio | J74: =J35 -> 0 | K74: %
C76: Labor hourly rate | L76: =IF(J74=0,,L72/J74*100) -> 0 | M76: /h
C78: Summary number of workers | O78: =IF(L37=0,,J27)+IF(L56=0,,J46)+IF(L76=0,,J66) -> 0 | P78: Workers
C80: Summary Labor hourly rate | O80: =IF(L37=0,,L37*J27/O78)+IF(L56=0,,L56*J46/O78)+IF(L76=0,,L76*J66/O78) -> 0 | P80: /h
B84: Comments: | E84: Definition: skilled worker: Laborers with three years of vocational training without special or additional qualifications, such as mechanics, mechanical engineers, metalworkers, welders, electricians, and industrial mechanics unskilled worker : Untrained laborers such as warehouse workers, untrained workers, packers, or drivers with no special training, and production assistants

Sheet Help
B3: Worksheets in the Cost Break Down:
B4: Summary | C4: Material (1,2,3) | D4: Manufacturing (6,7,8,9) | E4: Tools and Devices (16,24) | F4: MHR | G4: Help | H4: Wording
B16: Summary | C16: Material (1,2,3) | D16: Manufacturing (6,7,8,9) | E16: Tools and Devices (16,24) | F16: MHR | G16: Help | H16: Wording
B17: No. | C17: Cell name | E17: Description | J17: Calculation
B18: 1 | C18: Raw materials | E18: Total raw material costs | J18: Imported: Material (1,2,3) Worksheet --> Sums: Total raw material costs
B19: 2 | C19: Purchases parts | E19: Total purchased parts costs | J19: Imported: Material (1,2,3) Worksheet --> Sums: Total purchased part costs
B20: 3 | C20: Direct material | E20: Total direct material costs | J20: 1 Raw materials + 2 Purchased parts
B21: 4 | C21: Material scrap | E21: Total material scrap costs | J21: Imported: Material (1,2,3) Worksheet --> Sums: Total material scrap costs
B22: 5 | C22: Material overhead | E22: Total material overhead costs | J22: Imported: Material (1,2,3) Worksheet --> Sums: Total material overhead costs
B23: 6 | C23: Interest material | E23: Interest on material stock | J23: Direct Input
B24: 7 | C24: Material | E24: Total material costs | J24: 3 Direct material + 4 Material scrap + 5 Material overhead + 6 Interest material
B25: 8 | C25: Machines | E25: Total machine costs | J25: Imported: Manufacturing (6,7,8,9) Worksheets --> Sums: Machine costs * P20 Usage
B26: 9 | C26: Setup costs | E26: Total setup costs | J26: Imported: Manufacturing (6,7,8,9) Worksheets --> Sums: Setup costs * P20 Usage
B27: 10 | C27: Direct labor | E27: Total direct labor costs | J27: Imported: Manufacturing (6,7,8,9) Worksheets --> Sums: Direct labor costs * P20 Usage
B28: 11 | C28: Tool and devices, maintenance costs | E28: Total tool and devices, maintenance costs | J28: Imported: Manufacturing (6,7,8,9) Worksheets --> Sums: Tool maintenance * P20 Usage
B29: 12 | C29: Process manufacturing | E29: Total process manufacturing costs | J29: Imported: Manufacturing (6,7,8,9) Worksheets --> Sums: Process manufacturing * P20 Usage
... B38: 21 | C38: Sales and general administration costs | E38: Please input the Sales and general administration rate in %. The SGA are administrative costs (e.g. costs for management staff and the accounting, human resources, legal and IT departments) and selling costs (e.g. marketing, advertising, distribution store, sales organization, sales training) that are incurred for all of a company’s products and cannot be specifically allocated to one product | J38: Direct Input
E39: The Base for the Sales and general administration costs are 19 Production Costs | J39: 21 Sales and Administration Costs in % * 19 Production Costs
B40: 22 | C40: Research and development costs | E40: Please input the Sales and general administration rate in %. The SGA are administrative costs (e.g. costs for management staff and the accounting, human resources, legal and IT departments) and selling costs (e.g. marketing, advertising, distribution store, sales organization, sales training) that are incurred for all of a company’s products and cannot be specifically allocated to one product | J40: Direct Input
E41: The Base for the Sales and general administration costs are 19 Production Costs | J41: 22 Research and development costs in % * 19 Production Costs
B42: 23 | C42: Others | E42: Cell for aditional costs or overhead costs | J42: Direct Input
B43: 24 | C43: Prime | E43: Total prime | J43: 19 Production costs + 20 Specific developement costs allocated + 21 Sales and general administration costs + 22 Research and development costs + 23 Others
B44: 25 | C44: Profit | E44: Profit rate in % | J44: 25 Profit costs / (8 Machines + 9 Setup costs + 10 Direct labor + 11 Tool and devices, maintenance costs + 14 Manufacturing overhead costs)
E45: Please input the Profit costs per unit | J45: Direct Input
B46: 26 | C46: Term of payment | E46: Please enter the interest for terms of payment if relevant | J46: Direct Input
B47: 27 | C47: Transport, duties | E47: Please enter the cost for Transport and duties per unit if relevant | J47: Direct Input
B48: 28 | C48: Carbon tax | E48: Please enter the cost for carbon tax per unit if relevant | J48: Direct Input
B49: 29 | C49: Net sales price / Carbon footprint | E49: Quotation price (1) | J49: 24 Prime + 25 Profit + 26 Term of payment + 27 Transport, duties + 28 Carbon tax
B50: 30 | C50: One-time payments / tools and devices | E50: Not allocated one-time tool and device costs | J50: Imported: Tools and Devices (16,24) --> Sums: I10 One-time
B51: 31 | C51: One-time payments / Specific development costs | E51: Not allocated one-time specific development costs | J51: Direct Input
B54: Summary | C54: Material (1,2,3) | D54: Manufacturing (6,7,8,9) | E54: Tools and Devices (16,24) | F54: MHR | G54: Help | H54: Wording
B55: No. | C55: Cell name | E55: Description | J55: Calculation
B56: M1 | C56: No. | E56: Please enter the no. (1,2,3,4,5,6...) | J56: Direct Input
B57: M2 | C57: Manufacturing step no. | E57: Please enter the manufacturing step no. related (Tab Manufacturing) | J57: Direct Input
B58: M3 | C58: Item Number | E58: Please enter the Item Number | J58: Direct Input
B59: M4 | C59: Part designation | E59: Please enter the Name of the part which is produced with the raw material or purchased part from M5 | J59: Direct Input
B60: M5 | C60: Designation raw material / purchased part | E60: Please enter the Name of the raw material or purchased part | J60: Direct Input
B61: M6 | C61: Material class | E61: Please choose if it is a raw material or purchased part. | J61: Select
B62: M7 | C62: Supplier | E62: Please enter the Name of the sub-supplier | J62: Direct Input
B63: M8 | C63: Unit | E63: Please select the unit of the raw material (kg) /purchased part (pcs) | J63: Select
B64: M9 | C64: Deployed weight/ quantity | E64: Initila quantity necessary to obtain the finished part | J64: Direct Input
B65: M10 | C65: Net weight of finished part (only for info.) | E65: Quantity used in finished part. (only for information) | J65: Direct Input
B66: M11 | C66: Usage | E66: Please enter how many time are these costs going into the final offer price. | J66: Direct Input
... B72: M17 | C72: Material overhead costs | E72: Please enter the material overhead rate in % per raw material / purchased part. | J72: Direct Input
E73: Automatic calculated Material overhead costs | J73: M16 Material costs * M17 Material overhead costs (%)
B74: M18 | C74: Material scrap costs | E74: Please enter the material scrap costs per unit. | J74: Direct Input
E75: % automatic calculated | J75: M18 Material scrap costs / (M16 Material costs + M18 Material scrap costs% * M16 Material costs)
B76: M19 | C76: Total material costs | E76: Automatic calculated total material costs in quotation currency. | J76: (M16 Material costs + M17 Material overhead costs + M18 Material scrap costs)* M11 Usage
B79: Summary | C79: Material (1,2,3) | D79: Manufacturing (6,7,8,9) | E79: Tools and Devices (16,24) | F79: MHR | G79: Help | H79: Wording
B80: No. | C80: Cell name | E80: Description | J80: Calculation
B81: P1 | C81: Manufacturing step no. | E81: Please enter the manufacturing step no (1,2,3,4,5,6...) | J81: Direct Input
B82: P2 | C82: Designation Manufacturing step | E82: Please descripe the Manufacturing step for which you enter the cost details. | J82: Direct Input
B83: P3 | C83: Designation facility / machine / type | E83: Please descripe the facility / machine / type | J83: Direct Input
B84: P4 | C84: Investment facility/machine/type | E84: Please enter the Investmentsum of the facility / machine / type | J84: Direct Input
B85: P5 | C85: Utilization ratio (only for info.) | E85: Please enter the Utilization ratio in % | J85: Direct Input
B86: P6 | C86: Cycle time | E86: Please enter the seconds for the cycle duration of a cyclically recurring manufacturing process. | J86: Direct Input
B87: P7 | C87: Number of parts per cycle | E87: Please enter how many parts are manufactured during the cycle time. | J87: Direct Input
B88: P8 | C88: Machine hourly rate | E88: Please enter the Machine hourly rate. | J88: Direct Input
B89: P9 | C89: Machine costs | E89: Automatic calculated Machine costs. | J89: P6 Cycle time * P8 Machine hourly rate / P7 Number of parts per cycle / 3600
B90: P10 | C90: Number of direct workers | E90: Please enter the number of direct workers that are needed for the process. | J90: Direct Input
B91: P11 | C91: Total labor hourly rate | E91: Please enter the Total labour hourly rate. Include gross wage + Labor burden | J91: Direct Input
... B97: P17 | C97: Manufacturing overhead costs | E97: Please enter the Manufacturing overhead rate in % per manufacturing step. | J97: Direct Input
E98: Automatic calculated Manufacturing overhead costs. | J98: P16 Direct Manufacturing costs * P17 Manufacturing overhead in %
B99: P18 | C99: Manufacturing scrap | E99: Please enter the manufacturing scrap costs per unit. | J99: Direct Input
E100: Automatic calculated Manufacturing scrap costs in % | J100: P18 Manufacturing scrap costs per unit / P 19 Manufacturing costs
B101: P19 | C101: Manufacturing costs | E101: Automatic calculated Manufacturing costs. | J101: P16 Direct Manufacturing costs + P17 Manufacturing overhead costs + P18 Manufacturing scrap costs per unit
B102: P20 | C102: Usage | E102: Please enter how many time are these costs going into the final offer price. | J102: Direct Input
B103: P21 | C103: Total Manufacturing costs | E103: Automatic calculated total Manufacturing costs | J103: P 19 Manufacturing costs * P20 Usage
B106: Summary | C106: Material (1,2,3) | D106: Manufacturing (6,7,8,9) | E106: Tools and Devices (16,24) | F106: MHR | G106: Help | H106: Wording
B107: No. | C107: Cell name | E107: Description | J107: Calculation
B108: I1 | C108: Manufacturing step no. | E108: Please enter to which manufacturing step (manufacturing tab) the Tool / Device belong to. | J108: Direct Input
B109: I2 | C109: Designation Tool / Device | E109: Please descripe the Tool / Device for which you enter the cost details. | J109: Direct Input
B110: I3 | C110: Service life in cycles | E110: Please enter the possible cycles to manufacture parts with that tool. | J110: Direct Input
B111: I4 | C111: Purchasing currency | E111: Please select the currency in which you bought the Tool / Device. | J111: Select
B112: I5 | C112: Investment in purchasing currency | E112: Please enter the Investment in purchasing currency. | J112: Direct Input
B113: I6 | C113: Rate of exchange | E113: Please enter the exchange rate. | J113: Direct Input
B114: I7 | C114: Investment in quotation currency | E114: Automatic calculated Investment in quotation currency. | J114: I5 Investment in purchasing currency * I6 Rate of exchange
B115: I8 | C115: Number (lifetime) | E115: Please enter the number of Tools / Devices over the lifetime. | J115: Direct Input
B116: I9 | C116: Total lifetime investment | E116: Automatic calculated Total investment. | J116: I7 Investment in quotation currency * I8 Number (lifetime)
B117: I10 | C117: One-time payments | E117: Please enter the One-time payments that are not allocated in the quotation price. | J117: Direct Input
B118: I11 | C118: Allocated costs | E118: Please enter the Allocated costs that are allocated in the quotation price. | J118: Direct Input
... B120: I13 | C120: Allocated costs total | E120: Automatic calculated the Allocated costs total | J120: I12 Usage from P20 Manufacturing (6,7,8,9) * I11 Allocated costs total
B123: Summary | C123: Material (1,2,3) | D123: Manufacturing (6,7,8,9) | E123: Tools and Devices (16,24) | F123: MHR | G123: Help | H123: Wording
B124: No. | C124: Cell name | E124: Description | J124: Calculation
C125: Machine Basic data
C126: Manufacturer | E126: Please enter the Manufacturer of the machine | J126: Direct Input
C127: Type designation | E127: Please enter the Type designation | J127: Direct Input
C128: Category | E128: Please enter the Category | J128: Direct Input
C129: Machine class | E129: Please enter the Machine class | J129: Direct Input
C130: Miscellaneous | E130: Please enter miscellaneous information | J130: Direct Input
C131: Miscellaneous | E131: Please enter miscellaneous information | J131: Direct Input
C132: Investment
C133: Aquistion value | E133: Please enter the Aquistion value | J133: Direct Input
C134: Installation expenditures | E134: Please enter the Installation expenditures in % | J134: Direct Input
E135: Automatic calculated Installation expenditures | J135: Aquisition value * Installation expenditure
C136: Foundation | E136: Please enter the Foundation in % | J136: Direct Input
E137: Automatic calculated Foundation | J137: Aquisition value * Foundation
C138: Other expenditures | E138: Please enter the Other expenditures in % | J138: Direct Input
E139: Automatic calculated Other expenditures | J139: Aquisition value * Other expenditures
C140: Total Investment | E140: Please enter the Total Investment | J140: Direct Input
...

Sheet Docu. TcPCM and Excel
B2: General information
A3: 1 | B3: The workbook/sheets/Functions is/are not protected
A4: 2 | B4: Use of the template: Hide "Docu. TcPCM and Excel", "Wording" sheet and if not needed the "MHR" tab
B9: Summary | C9: Material (1,2,3) | D9: Manufacturing (6,7,8,9) | E9: Tools and Devices (16,24)
E10: Import (Excel --> TcPCM) | H10: Export (TcPCM --> Excel)
B11: No. | C11: Cell name | E11: TcPCM Tab | F11: TcPCM View | G11: TcPCM Field | H11: TcPCM Tab | I11: TcPCM View | J11: TcPCM Field
C12: Part number | E12: Basisc data | F12: Part | G12: Part number | H12: Basisc data | I12: Part | J12: Part number
C13: Part name | E13: Basisc data | F13: Part | G13: Part name | H13: Basisc data | I13: Part | J13: Part name
C14: Supplier | E14: Basisc data | F14: Part | G14: Supplier name | H14: Basisc data | I14: Part | J14: Supplier name
C15: Project time (years) | E15: Basisc data | F15: Quantity | G15: Lifetime | H15: Basisc data | I15: Quantity | J15: Lifetime
C16: Average annual quantity | E16: Basisc data | F16: Quantity | G16: Annual requirement usable parts in this assembly | H16: Basisc data | I16: Quantity | J16: Average annual requirement usable part
C17: Manufacturing lot size | E17: Basisc data | F17: Quantity | G17: Manufacturing lot size usable parts | H17: Basisc data | I17: Quantity | J17: Manufacturing lot size usable parts
C18: Quotation currency | E18: Basisc data | F18: Part | G18: Base currency | H18: Basisc data | I18: Part | J18: Base currency
C19: Quotation unit | E19: Basisc data | F19: Part | G19: Quantity unit | H19: Basisc data | I19: Part | J19: Quantity unit
C20: Date of calculation (SOP) | E20: Basic data | F20: Calculation variant | G20: Date of calculation | H20: Basic data | I20: Calculation variant | J20: Date of calculation
C21: Summary comment | E21: Basisc data | F21: Quantity | G21: Quantity Comment field | H21: Basisc data | I21: Calculation variant | J21: Calculation variant comment field
C22: Special agreements | E22: Basisc data | F22: Calculation variant | G22: Calculation variant comment field | H22: Basisc data | I22: Quantity comment | J22: Quantity comment field
C23: Contact person | H23: Basisc data | I23: Calculation variant | J23: Modified by - Last name (User)
C24: E-Mail | H24: Basisc data | I24: Calculation variant | J24: Modified by - E-Mail (User)
C25: Telephone | H25: Basisc data | I25: Calculation variant | J25: Modified by - Telephone (User)
C26: Project, Quotation date, Contact person, E-Mail, Telephone, Manufacturing lots, Production site, All Specific fields | E26: Basisc data | F26: Part | G26: Part Comment field
B27: 1 | C27: Direct material costs
B28: 2 | C28: Material overhead | E28: Material | F28: Material costs | G28: Material overhead costs | H28: Material | I28: Material costs | J28: Material overhead costs
B29: 3 | C29: Material scrap included: | E29: Material | F29: Material costs | G29: Material scrap | H29: Material | I29: Material costs | J29: Material scrap
B30: 4 | C30: Interest material | E30: Material | F30: Material costs | G30: Interest on material stock | H30: Material | I30: Material costs | J30: Interest on material stock
B31: 5 | C31: Material costs
B32: 6 | C32: Direct labor
B33: 7 | C33: Manufacturing costs/machine costs
B34: 8 | C34: Manufacturing overhead
B35: 9 | C35: Manuf. Scrap
B36: 10 | C36: Int. Work in prog. | E36: Manufacturing | F36: Manufacturing costs III (…) | G36: Interest on work in progress | H36: Manufacturing | I36: Manufacturing costs III (…) | J36: Interest on work in progress
B37: 11 | C37: Manufacturing costs
B38: 12 | C38: Production costs
B39: 13 | C39: Sales and general administration costs | E39: Overheads | F39: Overheads after PC | G39: Sales and general administration costs | H39: Overheads | I39: Overheads after PC | J39: Sales and general administration costs
B40: 14 | C40: Research and development costs | E40: Overheads | F40: Overheads after PC | G40: Research and development costs | H40: Overheads | I40: Overheads after PC | J40: Research and development costs
B41: 15 | C41: Other costs | E41: Overheads | F41: Overheads after PC | G41: Other expenditures after PC | H41: Overheads | I41: Special direct costs, Overheads after PC | J41: Allocation of part-specific ramp-up costs, Allocation of packaging and carrier costs, Imputed costs for business risks, Interest on finished product stock, Other expenditure after PC, Interest on finished product stock, Other expenditures after PC, Direct overheads after PC
B42: 16 | C42: Tools and Devices allocated allocated
B43: 17 | C43: Total costs
B44: 18 | C44: Profit | E44: Overheads | F44: Profit | G44: Profit | H44: Overheads | I44: Profit | J44: Profit
B45: 19 | C45: Terms of payment | E45: Overheads | F45: Terms of payment | G45: Interest for terms of payment | H45: Overheads | I45: Terms of payment | J45: Interest for terms of payment, Discount
B46: 20 | C46: Transport, duties | E46: Overheads | F46: Incoterms | G46: Transport costs | H46: Overheads | I46: Incoterms | J46: Transport costs and Customs duty
B47: 21 | C47: Quotation price (1)
B48: 22 | C48: Specific development costs allocated | E48: Overheads | F48: Special direct costs | G48: Allocation of part-specific development costs | H48: Overheads | I48: Special direct costs | J48: Allocation of part-specific development costs
B49: 24 | C49: Specific development costs | E49: Overheads | F49: Overheads after PC | G49: Overheads after PC comment field
B50: 23 | C50: Quotation price (2) | G50: Fixed price (Calculation)
B51: 24 | C51: Tools and devices
B52: 25 | C52: Specific development costs | E52: Overheads | F52: Special direct costs | G52: Allocation of part-specific development costs | H52: Overheads | I52: Special direct costs | J52: Allocation of part-specific development costs
B57: Summary | C57: Material (1,2,3) | D57: Manufacturing (6,7,8,9) | E57: Tools and Devices (16,24)
E58: Import (Excel --> TcPCM) | H58: Export (TcPCM --> Excel)
B59: No. | C59: Cell name | E59: TcPCM Tab | F59: TcPCM View | G59: TcPCM Field | H59: TcPCM Tab | I59: TcPCM View | J59: TcPCM Field
C60: Material comment | E60: Material | F60: Material costs | G60: Material costs view | H60: Material | I60: Material costs | J60: Material costs view
B61: M1 | C61: No.
B62: M2 | C62: Item number | E62: Basic data (8.x Part tab) | F62: Part | G62: Item Number | H62: Basic data (8.x Part tab) | I62: Part | J62: Item Number
B63: M3.1 | C63: Part designation | E63: Basic data (8.x Part tab) | F63: Part | G63: Part comment field | H63: Basic data (8.x Part tab) | I63: Part | J63: Designation of the parent part
B64: M3.2 | C64: Designation raw material / purchased part | E64: Basic data (8.x Part tab) | F64: Part | G64: Designation | H64: Basic data (8.x Part tab) | I64: Part | J64: Designation raw material / purchased part
B65: M4 | C65: Material class | E65: Basic data (8.x Part tab) | F65: Basic data (8.x Material classification)) | G65: Procurement type / Material class (8.x Classification) | H65: Basic data (8.x Part tab) | I65: Basic data (8.x Material classification)) | J65: Procurement type / Material class (8.x Classification)
B66: M5 | C66: Supplier | E66: Basic data | F66: Calculation variant | G66: Supplier name | H66: Basic data | I66: Calculation variant | J66: Supplier name
B67: M6 | C67: Unit | E67: Material | F67: Materials | G67: Unit | H67: Material | I67: Materials | J67: Unit
B68: M7 | C68: Purchasing currency | E68: Material | F68: Materials | G68: Part / Part / Base currency | H68: Material | I68: Materials | J68: Part / Part / Base currency
B69: M8 | C69: Price in purchasing currency per unit | E69: Material | F69: Materials | G69: Price | H69: Material | I69: Materials | J69: Price
B70: M9 | C70: Rate of exchange (AW/BW) | E70: Material | F70: Materials | G70: Exchange rate | H70: Material | I70: Materials | J70: Exchange rate
B71: M10 | C71: Price in quotation currency per unit
B72: M11 | C72: Total Deployed weight/ quantity | E72: Material | F72: Materials | G72: Quantity | H72: Material | I72: Materials | J72: Quantity
B73: M12 | C73: Total Net weight of finished part (only for info.) | H73: Material | I73: Materials | J73: Raw Material / Net weight of finished part
B74: M13 | C74: Material costs
B75: M14 | C75: Total Scrap (yield) only raw materials | E75: Material | F75: Materials | G75: Additional Material is created named ... (Scrap yield) | H75: Material | I75: Materials | J75: Raw Material / Scrap (yield)
B76: M15 | C76: DMC (Direct Material costs)
B77: M16 | C77: Material overhead costs
B79: M17 | C79: Material scrap costs
B81: M18 | C81: Total material costs
B86: Summary | C86: Material (1,2,3) | D86: Manufacturing (6,7,8,9) | E86: Tools and Devices (16,24)
E87: Import (Excel --> TcPCM) | H87: Export (TcPCM --> Excel)
B88: No. | C88: Cell name | E88: TcPCM Tab | F88: TcPCM View | G88: TcPCM Field | H88: TcPCM Tab | I88: TcPCM View | J88: TcPCM Field
C89: Manufacturing comment | E89: Manufacturing step | F89: Manufacturing steps | G89: Manufacturing steps comment field | H89: Manufacturing step | I89: Manufacturing steps | J89: Manufacturing steps comment field
B90: P1 | C90: Manufacturing step no.
B91: P2 | C91: Designation Manufacturing step | E91: Manufacturing step | F91: Organizational | G91: Designation | H91: Manufacturing step | I91: Organizational | J91: Designation
B92: P3 | C92: Designation facility / machine / type | E92: Manufacturing step | F92: Production system | G92: Type designation | H92: Manufacturing step | I92: Production system, Activities | J92: Type designation, Designation
B93: P4 | C93: Investment facility/machine/type | E93: Manufacturing step | F93: Production system | G93: Machine Editor / Tab Machine hourly rate / Acquisition value | H93: Manufacturing step | I93: Production system | J93: Machine Editor / Machine hourly rate / Investment
B94: P5 | C94: Utilization ratio (only for info.) | E94: Manufacturing step | F94: Process | G94: Process comment | H94: Manufacturing step | I94: Process | J94: Utilization ratio
B95: P6 | C95: Cycle time | E95: Manufacturing step | F95: Process | G95: Cycle time | H95: Manufacturing step | I95: Process | J95: Cycle time, Process manufacturing step (cycle time is set to 3600 because of the missing cycle time in this step)
B96: P7 | C96: Number of parts per cycle | E96: Manufacturing step | F96: Process | G96: Number of parts per cycle | H96: Manufacturing step | I96: Process | J96: Number of parts per cycle
B97: P8 | C97: Machine hourly rate | E97: Manufacturing step | F97: Production system | G97: Machine Editor / Machine hourly rate | H97: Manufacturing step | I97: Production system, Activities | J97: Machine Editor / Machine hourly rate, Activities / Activity price (Cost type direct machine costs)
B98: P9 | C98: Machine costs
B99: P10 | C99: Number of direct workers | E99: Manufacturing step | F99: Direct Labor | G99: Number of workers | H99: Manufacturing step | I99: Direct Labor, Activities | J99: Required Labor, Number (Cost type direct labor)
B100: P11 | C100: Total labor hourly rate | E100: Manufacturing step | F100: Direct Labor | G100: Gross Wage | H100: Manufacturing step | I100: Direct Labor , Activities | J100: Labor hourly rate, Activity price (Cost type direct labor), Process manufacturing step / Manufacturing costs I
B101: P12 | C101: Direct labor costs
B102: P13 | C102: Setup costs / Costs per unit | E102: Manufacturing step | F102: Production system | G102: Machine Editor / Tab Set-up / Set-up costs labor | H102: Manufacturing step | I102: Production system, Activities | J102: Machine Editor / Tab Set-up / Set-up costs per part, Costs (Cost type Direct input set-up costs, Labor set-up costs. Machine set-up costs) and process manufacturing step costs
B103: P14 | C103: Manufacturing lot size | E103: Manufacturing step | F103: Process | G103: Process comment | H103: Manufacturing step | I103: Process | J103: Manufacturing lot size (incoming quantity)
B104: P15 | C104: Tool maintenance | E104: Manufacturing step | F104: Tools and Devices | G104: Direct Input maintenance costs | H104: Manufacturing step | I104: Tools and Devices, Activities | J104: Maintenance costs ,Activity price (Cost type: Tools and devices, maintenance costs)
B105: P16 | C105: Direct manufacturing costs
B106: P17 | C106: Manufacturing overhead costs | E106: Manufacturing step | F106: Manufacturing costs II (including tool allocation) | G106: Residual manufacturing overhead costs | H106: Manufacturing step | I106: Manufacturing costs II (including tool allocation) | J106: Residual manufacturing overhead costs
B107: P18 | C107: Manufacturing scrap | E107: Manufacturing step | F107: Manufacturing costs II (including tool allocation) | G107: Manufacturing scrap | H107: Manufacturing step | I107: Manufacturing costs II (including tool allocation) | J107: Manufacturing scrap
B108: P19 | C108: Manufacturing costs | E108: Manufacturing step | F108: Manufacturing costs II (including tool allocation) | G108: Manufacturing scrap | H108: Manufacturing step | I108: Manufacturing costs II (including tool allocation) | J108: Manufacturing scrap
B109: P20 | C109: Usage | E109: Import usage in the manufacturing lot fraction of a detailed manufacturing step | H109: Manufacturing lot fraction and Usage of the manufacturing step in the calculation
B110: P21 | C110: Total Manufacturing costs
B115: Summary | C115: Material (1,2,3) | D115: Manufacturing (6,7,8,9) | E115: Tools and Devices (16,24)
E116: Import (Excel --> TcPCM) | H116: Export (TcPCM --> Excel)
B117: No. | C117: Cell name | E117: TcPCM Tab | F117: TcPCM View | G117: TcPCM Field | H117: TcPCM Tab | I117: TcPCM View | J117: TcPCM Field
C118: Tool comment | E118: Manufacturing step | F118: Manufacturing costs I and II | G118: Manufacturing costs I and II comment field | H118: Manufacturing step | I118: Manufacturing costs I and II | J118: Manufacturing costs I and II comment field
B119: I1 | C119: Manufacturing step no. | E119: Manufacturing step | F119: Tools and devices | G119: Assign tool to the corresponding manufacturing step, if no matching manufacturing step is available a dummy process is created for the tool | H119: Manufacturing step | I119: Tools and devices | J119: Step no. is exported
...

Sheet Assumptions
B3: Assumptions
B4: List of acceptable quotation currencies | D4: List of acceptable purchasing currencies | F4: List of acceptable quotation units | G4: List of acceptable purchasing units | H4: List Material class | I4: List Calculation qualities | J4: Cylce time unit
B5: EUR | C5: Euro | D5: EUR | E5: Euro | F5: pcs | G5: pcs | H5: Raw material | I5: Detailed | J5: seconds
B6: USD | C6: US dollar | D6: USD | E6: US dollar | F6: 10pcs | G6: 10pcs | H6: Purchased part | I6: Rough | J6: minutes
B7: CNY | C7: Chinese renminbi yuan | D7: CNY | E7: Chinese renminbi yuan | F7: 100pcs | G7: 100pcs | J7: hours
B8: BRL | C8: Brazilian real | D8: BRL | E8: Brazilian real | F8: 1000pcs | G8: 1000pcs
B9: GBP | C9: British pound | D9: GBP | E9: British pound | F9: 10000pcs | G9: 10000pcs
B10: JPY | C10: Japanese yen | D10: JPY | E10: Japanese yen | F10: g | G10: g
B11: SEK | C11: Swedish krona | D11: SEK | E11: Swedish krona | F11: kg | G11: kg
B12: ALL | C12: Albania | D12: ALL | E12: Albania | F12: t | G12: t
B13: ARS | C13: Argentinean peso | D13: ARS | E13: Argentinean peso | F13: mm | G13: mm
B14: AUD | C14: Australia | D14: AUD | E14: Australia | F14: cm | G14: cm
B15: BAM | C15: Bosnian marka | D15: BAM | E15: Bosnian marka | F15: m | G15: m
B16: BGN | C16: Bulgarian lev | D16: BGN | E16: Bulgarian lev | F16: m2 | G16: m2
B17: BYR | C17: Belarus rouble | D17: BYR | E17: Belarus rouble | F17: m3 | G17: m3
B18: CAD | C18: Canadian dollar | D18: CAD | E18: Canadian dollar | F18: mm | G18: mm
B19: CHF | C19: Swiss franc | D19: CHF | E19: Swiss franc | F19: l | G19: l
... B30: INR | C30: Indian rupee | D30: INR | E30: Indian rupee | F30: in3 | G30: in3
B31: KRW | C31: South Korean won | D31: KRW | E31: South Korean won
B32: LTL | C32: Lithuanian litas | D32: LTL | E32: Lithuanian litas
B33: LVL | C33: Latvian lats | D33: LVL | E33: Latvian lats
B34: MAD | C34: Morocco | D34: MAD | E34: Morocco
B35: MKD | C35: Macedonia | D35: MKD | E35: Macedonia
B36: MXN | C36: Mexican peso | D36: MXN | E36: Mexican peso
B37: MYR | C37: Malaysian ringgit | D37: MYR | E37: Malaysian ringgit
B38: NOK | C38: Norwegian krone | D38: NOK | E38: Norwegian krone
B39: NZD | C39: New Zealand | D39: NZD | E39: New Zealand
B40: PHP | C40: Philippine peso | D40: PHP | E40: Philippine peso
B41: PLN | C41: Polish zloty | D41: PLN | E41: Polish zloty
B42: RON | C42: Romanian leu | D42: RON | E42: Romanian leu
... B53: ZAR | C53: South African rand | D53: ZAR | E53: South African rand

Sheet Change log
A1: Version | B1: 3.0
A2: ID
A3: 1 | B3: Renamed the Columns M3 and M4
A4: 2 | B4: Added a Usage column
A5: 3 | B5: Customer can import calculation designation
